Cogmind - Beta 16.1 @@@ ROGUE MODE // 2026.02.21 @ 01:42:54 Player: Savant Result: Escaped! Performance ------------- Evolutions (9) 4500 Regions Visited (20) 4000 Robots Destroyed (220) 1100 Value Destroyed (12920) 12920 Prototype IDs (160) 3200 Alien Tech Used (6) 1200 Bonus (36252) 36252 TOTAL SCORE: 63172 Bonus ------- Triggered High Security 500 High Alert Combat Kills 9760 Follower Combat Kills 15658 Hunted by Unchained 500 Forged Quantum Companion 2000 Network Hubs Disabled 400 Delivered SUBCON Basin 2000 Registered with UFD 300 Met Optimus in HQ 500 Met Zhirov 300 A7 Reached Mainframe 300 Met R17 at Cetus 500 Met Optimus at Protoforge 1000 Win 3000 Friendly Fire -466 Cogmind --------- Core Integrity 269/1600 Matter 255/300 Energy 184/190 System Corruption 15% Temperature Cool (12) Movement Flying (23) Location To Epsilon Eridani Parts ------- > --- POWER (3) -------- Light Quantum Reactor > --- PROPULSION (6) --- Improved Antigrav System Field Propulsion Array Diametric Drive Diametric Drive Diametric Drive > --- UTILITY (9) ------ Advanced Melee Analysis Suite Improved Transmission Jammer ECM Suite Improved Core Shielding Improved Core Shielding Graphene Brace Advanced Thermal Shield > --- WEAPON (7) ------- Superquantum Companion > --- INVENTORY (5) ---- Experimental Energy Well (331) Experimental Matter Compressor (500) Experimental Matter Compressor (500) Long-range Tractor Beam Peak State ------------ > --- POWER ------------ Graviton Reactor Improved Quantum Reactor > --- PROPULSION ------- Advanced Heavy Siege Treads High-density Centrium Heavy Treads High-density Centrium Heavy Treads > --- UTILITY ---------- Huge Storage Unit Experimental Matter Compressor Experimental Optical Array Advanced Melee Analysis Suite Concept Core Shell Heavy Regenerative Plating Advanced Force Field > --- WEAPON ----------- 1B-0RG's Assimilator Advanced Remote Datajack Companion Sword > --- INVENTORY -------- Graviton Reactor Improved Quantum Reactor High-density Centrium Heavy Treads Advanced Energy Well Experimental Energy Well Advanced Matter Compressor Experimental Matter Compressor Deep Structural Scanner Tactical Coordination Suite Experimental Core Analyzer Experimental Reaction Control System Medium Regenerative Plating Graphene Brace Advanced EM Shield Concept Antimissile System Advanced Component Analysis Suite Long-range Tractor Beam Advanced Trap Extractor Transdimensional Reconstructor Transdimensional Reconstructor Subatomic Replicator Enhanced Nova Cannon [Rating: 236] Favorites ----------- Power Graviton Reactor Engine Subdweller Power Source Power Core Fission Core Reactor Graviton Reactor Propulsion Centrium Heavy Treads Treads Centrium Heavy Treads Leg Heavy Shield Leg Wheel Armored Huge Wheel Hover Unit Improved Antigrav System Flight Unit Diametric Drive Utility Advanced Hacking Suite Device Advanced Force Field Storage Huge Storage Unit Processor Advanced Melee Analysis Suite Hackware Advanced Hacking Suite Protection Centrium Medium Armor Plating Artifact Phase Redirector Weapon Companion Sword Energy Cannon Subdweller Beam Cannon Ballistic Gun Helical Railgun Ballistic Cannon Battle Cannon Launcher Grenade Launcher Special Weapon Advanced Remote Datajack Slashing Weapon Companion Sword Special Melee Weapon 1B-0RG's Assimilator Build | -11 -10 -10 -7 -7 -5 -5 -5 -5 -5 -4 -4 -4 -4 -3 -3 -3 -2 -2 -2 -1 ------- Run | Yrd Mat Sub Rec Scr Fac Ext Cet Arc Hub Fac Upp Upp Zhi Pro Res Tes Res Qua Frg Acc Slots Evolved 18 | . . . . . 10 . . . . 2 . . . . 2 . 2 . . 2 Power 2 | . . . . . . . . . . . . . . . 1 . . . . 1 Propulsion 4 | . . . . . 2 . . . . 1 . . . . 1 . . . . . Utility 7 | . . . . . 4 . . . . 1 . . . . . . 1 . . 1 Weapon 5 | . . . . . 4 . . . . . . . . . . . 1 . . . Parts Attached 213 | 8 8 23 1 6 23 7 2 5 1 12 1 . 5 . 7 9 3 5 47 40 Power 26 | 1 1 2 . 1 2 . 1 . . 1 . . 1 . 1 2 . . 7 6 Engine 5 | 1 1 2 . 1 . . . . . . . . . . . . . . . . Core 3 | . . . . . 2 . . . . . . . . . 1 . . . . . Reactor 18 | . . . . . . . 1 . . 1 . . 1 . . 2 . . 7 6 Propulsion 53 | 2 . 7 1 3 5 . . 3 . 2 . . . . 1 . 1 2 6 20 Treads 16 | 2 . . . . 3 . . 2 . 1 . . . . 1 . 1 2 3 1 Leg 9 | . . . . . . . . . . . . . . . . . . . 1 8 Wheel 18 | . . 7 1 3 2 . . 1 . 1 . . . . . . . . 2 1 Hover 3 | . . . . . . . . . . . . . . . . . . . . 3 Flight 7 | . . . . . . . . . . . . . . . . . . . . 7 Utility 93 | 3 2 6 . 1 13 4 1 2 1 9 1 . 4 . 5 7 2 1 18 13 Device 41 | 2 . 3 . . 5 2 . 1 . 5 1 . 1 . 2 5 . . 8 6 Storage 15 | 1 2 1 . 1 1 1 . . . 2 . . 1 . 2 1 . . 2 . Processor 8 | . . . . . . . . . 1 1 . . . . 1 . . . 4 1 Hackware 3 | . . . . . 1 1 . . . . . . . . . . 1 . . . Protection 25 | . . 2 . . 6 . 1 1 . 1 . . 2 . . 1 1 . 4 6 Artifact 1 | . . . . . . . . . . . . . . . . . . 1 . . Weapon 41 | 2 5 8 . 1 3 3 . . . . . . . . . . . 2 16 1 Energy Gun . | . . . . . . . . . . . . . . . . . . . . . Energy Cannon 6 | . 1 3 . . . . . . . . . . . . . . . 1 . 1 Ballistic Gun 19 | 2 . 2 . . . . . . . . . . . . . . . . 15 . Ballistic Cannon 3 | . 1 1 . . 1 . . . . . . . . . . . . . . . Launcher 5 | . 2 1 . . 1 1 . . . . . . . . . . . . . . Special Weapon 4 | . 1 . . . . 2 . . . . . . . . . . . 1 . . Impact Weapon . | . . . . . . . . . . . . . . . . . . . . . Slashing Weapon 3 | . . 1 . 1 . . . . . . . . . . . . . . 1 . Piercing Weapon . | . . . . . . . . . . . . . . . . . . . . . Special Melee Weapon 1 | . . . . . 1 . . . . . . . . . . . . . . . Unidentified Prototypes 24 | . . . . 1 2 2 1 1 . . . . 4 . 1 3 . 2 6 1 Parts Lost 64 | . 1 2 . . 3 . . . 1 3 . . . . . 1 . . 27 26 Power 11 | . 1 . . . . . . . . . . . . . . . . . 4 6 Propulsion 18 | . . 1 . . 1 . . . . 1 . . . . . . . . 6 9 Utility 25 | . . 1 . . 2 . . . 1 2 . . . . . 1 . . 9 9 Weapon 10 | . . . . . . . . . . . . . . . . . . . 8 2 Highest Loss Streak 10 | . 1 1 . . 3 . . . 1 2 . . . . . 1 . . 10 10 To Critical Strikes 4 | . . . . . 1 . . . . . . . . . . . . . 3 . Average Backups 20 | 5 9 14 18 26 28 31 31 16 12 18 21 22 21 22 22 22 23 23 21 5 Power 1 | . . . 1 1 1 . . 1 1 1 1 1 1 1 . 1 2 2 1 . Propulsion 2 | 3 3 4 6 5 4 3 3 1 1 2 2 2 2 2 1 1 1 1 . . Utility 12 | . 2 3 5 7 16 21 20 11 10 14 18 19 18 18 19 19 18 14 14 4 Weapon 3 | 1 4 5 5 10 4 4 4 1 . . . . . . . . . . . . Tool/Special . | . . . . . . . . . . . . . . . . . . . . . Unused Backups 80 | . 3 11 . 10 14 3 5 6 . 3 1 . 1 . 2 11 1 5 4 . Power 5 | . . . . 1 1 . 1 . . 1 . . . . . 1 . . . . Propulsion 17 | . 1 4 . 3 4 . 2 . . . 1 . . . . . 1 1 . . Utility 36 | . . 5 . 1 3 3 . 4 . 1 . . 1 . 2 9 . 3 4 . Weapon 20 | . 2 2 . 5 5 . 2 1 . 1 . . . . . 1 . 1 . . Tool/Special 2 | . . . . . 1 . . 1 . . . . . . . . . . . . Average Slot Usage (%) 71 | . 99 96 85 72 57 58 59 63 63 67 68 68 67 68 65 65 60 64 69 42 Engine 4 | . 14 14 14 14 2 . . . . . . . . . . . . . . . Reactor 3 | . . . . . . . 3 5 5 5 5 5 5 5 4 5 8 8 7 5 Treads 9 | . 27 15 . . 5 5 5 5 5 6 15 15 15 15 13 14 13 13 12 . Wheel 7 | . . 12 28 19 10 11 11 5 5 8 . . . . . . . . . 3 Device 7 | . 14 8 . . 7 5 6 11 10 9 10 10 9 10 9 9 7 8 8 8 Storage 7 | . 14 13 14 14 5 5 5 5 5 5 5 5 5 5 4 4 4 4 4 1 Processor 3 | . . . . . . . . . . 9 10 10 10 10 9 9 6 4 7 2 Hackware 2 | . . . . . 4 4 5 5 5 5 5 5 5 5 4 4 5 8 2 . Protection 4 | . . 2 . . 3 5 5 9 11 5 5 5 5 5 4 3 4 4 5 5 Energy Cannon 6 | . . 22 28 22 . . . . . . . . . . . . . . 2 . Ballistic Gun 2 | . 19 1 . . . . . . . . . . . . . . . . 7 . Slashing Weapon 3 | . . 1 . 1 4 4 4 5 5 5 5 5 5 5 4 4 4 4 3 4 Special Melee Weapon 2 | . . . . . 4 5 5 5 5 5 5 5 5 5 4 4 4 4 2 . Peak Build Rating 236 | 9 8 39 38 36 131 136 146 160 151 178 180 180 179 179 197 200 212 230 236 146 Average Rating 126 | 6 7 16 28 29 117 133 140 150 150 166 179 177 177 178 193 194 204 220 223 93 On Entrance 126 | . 8 8 38 24 36 131 135 146 151 149 178 180 177 179 179 196 195 212 227 104 Avg Prop Armor Cover (%) 9 | . . 14 . . 4 4 4 9 9 9 . . . . . . . . 6 16 Naked Turns . | . . . . . . . . . . . . . . . . . . . . . Heaviest Build 311 | 14 32 221 221 226 305 303 304 311 118 179 182 179 177 177 193 200 213 226 229 159 Greatest Support 270 | 40 40 40 30 30 36 36 36 160 28 190 190 190 190 190 235 235 240 260 270 120 Greatest Overweight (x) 39 | . . 7 7 8 10 10 10 39 4 4 . . . . . . . . 9 6 Average Overweight (x) 2 | . . 2 7 6 7 9 8 9 4 2 . . . . . . . . . . Largest Inventory Capacity 35 | 8 15 35 35 35 35 35 35 35 15 25 25 25 25 25 25 25 25 25 25 25 Average Capacity 25 | 7 12 19 35 33 35 35 35 19 15 24 25 25 25 25 25 25 25 25 25 12 Most Carried 35 | 8 13 35 35 35 35 35 35 35 15 25 25 25 25 25 25 25 25 25 25 12 Average Carried 23 | 5 9 17 29 31 30 33 34 18 14 21 24 24 24 24 24 24 24 24 22 5 Final Capacity 35 | 8 15 35 35 35 35 35 35 15 15 25 25 25 25 25 25 25 25 25 25 5 Final Carried 35 | 8 13 35 30 34 33 35 35 15 14 22 25 25 25 25 25 25 25 25 9 4 Scrap Suit Usage (%) 1 | . . . . . 1 . . . . . . . . . . . . . 1 . Parts Cannibalized 9 | . . . . . 3 . . . . . . . . . . . . . 6 . Class Distribution -------------------- 21% | Scavenger-Mutant 20% | Hauler-Mutant 18% | Trapper-Mutant 15% | Mutant 11% | Commander-Mutant 7% | Hacker-Mutant 3% | Scavenger-Executioner Dominant Class ---------------- Mutant | -10/Materials Mutant | -10/Subcaves Hauler-Mutant | -7/Recycling Commander-Mutant | -7/Scraptown Hauler-Mutant | -5/Factory Hauler-Mutant | -5/Extension Hauler-Mutant | -5/Cetus Scavenger-Mutant | -5/Archives Scavenger-Mutant | -5/Hub_04(d) Scavenger-Mutant | -4/Factory Scavenger-Mutant | -4/Upper Caves Trapper-Mutant | -4/Upper Caves Trapper-Mutant | -4/Zhirov Trapper-Mutant | -3/Proximity Caves Trapper-Mutant | -3/Research Trapper-Mutant | -3/Testing Trapper-Mutant | -2/Research Hacker-Mutant | -2/Quarantine Scavenger-Mutant | -2/Protoforge Scavenger-Mutant | -1/Access Resources | -11 -10 -10 -7 -7 -5 -5 -5 -5 -5 -4 -4 -4 -4 -3 -3 -3 -2 -2 -2 -1 ----------- Run | Yrd Mat Sub Rec Scr Fac Ext Cet Arc Hub Fac Upp Upp Zhi Pro Res Tes Res Qua Frg Acc Matter Collected 40635 | 332 181 816 170 169 3527 1818 226 452 696 5614 426 347 250 203 5236 1944 130 851 16913 334 Remotely 13198 | . . . . . 1038 236 . . . 2289 . . . . 1800 497 . . 7338 . Salvage Created 12875 | 136 235 756 80 . 483 242 . . 81 611 137 . . 33 110 359 172 108 6921 2411 Parts 624 | 12 20 44 . . 21 7 . . 2 31 6 . . . 10 27 13 7 310 114 Haulers Intercepted 6 | . 1 . . . . . . . . . . . . . . . . . 4 1 Recyclers Shooed 2 | . . . . . . . . . . 2 . . . . . . . . . . Parts Field Recycled . | . . . . . . . . . . . . . . . . . . . . . Retrieved Matter . | . . . . . . . . . . . . . . . . . . . . . Parts Self-Destructed 86 | . . 10 . . . . . . . . 13 4 . 59 . . . . . . Prevented . | . . . . . . . . . . . . . . . . . . . . . Parts Restored . | . . . . . . . . . . . . . . . . . . . . . Kills | -11 -10 -10 -7 -7 -5 -5 -5 -5 -5 -4 -4 -4 -4 -3 -3 -3 -2 -2 -2 -1 ------- Run | Yrd Mat Sub Rec Scr Fac Ext Cet Arc Hub Fac Upp Upp Zhi Pro Res Tes Res Qua Frg Acc Combat Hostiles Destroyed 180 | . 6 19 . . 9 3 . . 2 6 1 . . . 1 3 1 . 95 34 Melee 51 | . . . . . 6 3 . . 2 6 1 . . . 1 3 1 . 7 21 Guns 84 | . . . . . . . . . . . . . . . . . . . 81 3 Cannons 29 | . . 14 . . 1 . . . . . . . . . . . . . 6 8 AOE 12 | . 6 4 . . 2 . . . . . . . . . . . . . . . Classes Destroyed 26 | 2 4 2 . . 3 . . . . 3 1 . . . . . 1 . 8 2 Worker 5 | . 2 . . . . . . . . 1 . . . . . 1 . . 1 . Builder 8 | . . . . . 2 . . . . 2 . . . . 2 2 . . . . Tunneler 6 | 4 . . . . 1 . . . . . . . . . . . 1 . . . Hauler 6 | . 1 . . . . . . . . . . . . . . . . . 4 1 Recycler 4 | 1 1 . 1 . . 1 . . . . . . . . . . . . . . Minesweeper 3 | . . . . . . . . . . . 2 . . 1 . . . . . . Mechanic 3 | . . . . . . . . . . 2 . . . . . . . . 1 . Drone 6 | . . . . . . . . . . . . . . . . . . . 5 1 Turret 2 | . . 2 . . . . . . . . . . . . . . . . . . Watcher 5 | . 2 . . . . . . . . . . . . . . . . 1 1 1 Swarmer 30 | . 6 4 . . . 2 . . 1 . . . . . . . . . 15 2 Cutter 8 | . . . . . . . . . . . . . . . . . . . . 8 Saboteur 4 | . . . . . . . . . . . . . . . . . . . 4 . Grunt 37 | . . . . . 8 . . . . 4 . . . . 1 3 . . 11 10 Brawler 8 | . . . . . . . . . . . . . . . . . . . 7 1 Duelist 6 | . . . . . . . . . . . . . . . . . . . 5 1 Protector 4 | . . . . . . . . . . . . . . . . . . . 4 . Sentry 4 | . . . . . 1 1 . . 1 . . . . . . . . . . 1 Demolisher 1 | . . . . . . . . . . . . . . . . . . . . 1 Hunter 16 | . . . . . . . . . . 1 1 . . . . . . . 10 4 Programmer 14 | . . . . . . . . . . 1 . . . . . . . . 8 5 Behemoth 1 | . . . . . . . . . . . . . . . . . 1 . . . Hotshot 4 | . . . . . . . . . . . . . . . . . . . 4 . Striker 9 | . . . . . . . . . . . . . . . . . . . 9 . Executioner 14 | . . . . . . . . . . . . . . . . . . . 14 . Subdweller 15 | . . 15 . . . . . . . . . . . . . . . . . . Scrapoid 1 | . . . . . . . . . . . . . . . . . . . 1 . Best Kill Streak 13 | 3 5 5 1 . 3 1 . . 1 2 1 . . 1 1 2 1 1 13 11 Combat Bots Only 13 | . 3 4 . . 3 1 . . 1 2 1 . . . 1 2 1 . 13 10 Max Kills in Single Turn 4 | 1 4 2 1 . 2 1 . . 1 1 1 . . 1 1 1 1 1 3 2 Gunslinging 2 | . . . . . . . . . . . . . . . . . . . 2 . Exploded 3 | . 3 2 . . 2 . . . . . . . . . . . . . . . Melee 2 | . . . . . 1 1 . . 1 1 1 . . . 1 1 1 . 1 2 Uniques/NPCs Destroyed . | . . . . . . . . . . . . . . . . . . . . . Combat | -11 -10 -10 -7 -7 -5 -5 -5 -5 -5 -4 -4 -4 -4 -3 -3 -3 -2 -2 -2 -1 -------- Run | Yrd Mat Sub Rec Scr Fac Ext Cet Arc Hub Fac Upp Upp Zhi Pro Res Tes Res Qua Frg Acc Hostile Shots Fired 2140 | . 10 83 . . 261 32 1 36 20 123 14 . . 14 68 48 21 24 868 517 Missed 639 | . 2 29 . . 50 10 1 17 10 37 2 . . 6 22 11 9 5 236 192 Intercepted 14 | . . . . . . . . . . . . . . . . . . . 14 . Deflected 23 | . . . . . . . . . . . . . . . . . . . 9 14 Hits 1501 | . 8 54 . . 211 22 . 19 10 86 12 . . 8 46 37 12 19 632 325 Melee 78 | . . . . . . . . . . . . . . . 1 . . . 52 25 Projectile 1423 | . 8 54 . . 211 22 . 19 10 86 12 . . 8 45 37 12 19 580 300 AOE 17 | . . . . . . . . . 2 2 . . . 2 . . . . 9 2 Critical Strikes 103 | . . 1 . . 6 3 1 . 1 7 . . . . 6 5 1 . 45 27 Actively Blocked 34 | . . . . . . . . . . . . . . . . 1 . . 10 23 Part Disruptions 1 | . . . . . . . . . . . . . . . . . . . 1 . Damage Taken 31271 | . 247 729 . . 4065 752 103 410 406 2088 162 . . 167 820 528 258 206 13379 6951 Core 4232 | . 41 139 . . 513 177 22 10 12 285 4 . . 9 205 77 49 62 1296 1331 Absorbed by Shields 8148 | . . . . . 180 123 29 144 . 70 74 . . 46 695 489 251 151 5805 91 Reduced by Siege Mode 273 | . . . . . . . . . . . . . . . . . . . 273 . Redirected to Shielding 751 | . . . . . . . . . . . . . . . . . . . 527 224 Ignored by Resistances 156 | . . . . . . . . . . . . . . . . 11 . 13 85 47 Regen/Repaired (Parts) 5513 | . . . . . 785 84 21 119 44 400 12 35 . 20 815 202 96 66 2772 42 Core Remaining (%) 46 | 100 . . . 28 . . . . 26 . . . . 74 . 78 . . 1 16 Volleys Fired 294 | 13 29 50 4 . 4 7 . . . . . . . . . . . 7 170 10 Largest 6 | 2 2 2 2 . 1 1 . . . . . . . . . . . 1 6 2 Hottest 232 | 40 100 160 160 . 43 43 . . . . . . . . . . . 120 232 168 Shots Fired 940 | 26 40 78 8 . 4 7 . . . . . . . . . . . 7 755 15 Gun 784 | 26 24 3 . . . . . . . . . . . . . . . . 725 6 Cannon 111 | . . 66 8 . 2 . . . . . . . . . . . . 1 25 9 Launcher 13 | . 5 4 . . 2 2 . . . . . . . . . . . . . . Special 32 | . 11 5 . . . 5 . . . . . . . . . . . 6 5 . Kinetic 786 | 26 24 3 . . 2 . . . . . . . . . . . . . 725 6 Thermal 125 | . 11 71 8 . . . . . . . . . . . . . . 1 25 9 Explosive 13 | . 5 4 . . 2 2 . . . . . . . . . . . . . . Electromagnetic . | . . . . . . . . . . . . . . . . . . . . . Robot Hit Streak 35 | 6 4 23 4 . 1 2 . . . . . . . . . . . 3 35 2 Robot Miss Streak 5 | 2 3 4 2 . 1 1 . . . . . . . . . . . 2 5 3 Penetration Max 2 | . . . . . . . . . . . . . . . . . . . 2 . Secondary Targets 35 | . . . . . . . . . . . . . . . . . . . 35 . Max Gunslinging Chain 2 | . . . . . . . . . . . . . . . . . . . 2 . Autonomous 40 | . . . . . . . . . . . . . . . . . . . 16 24 Shots Hit Robots 849 | 16 17 46 5 . 32 16 . . 2 45 5 . . 3 10 25 6 6 553 62 Core Hits 376 | 7 16 22 . . 17 4 . . 2 12 1 . . . 2 8 2 2 243 38 Critical Kills 21 | . . 1 . . . . . . . . . . . . . . . . 18 2 Critical Parts Destroyed 19 | . . . . . . . . . . . . . . . . . . . 19 . Critical Strikes 50 | . . 1 . . 2 2 . . . . . . . . 4 . . . 39 2 Meltdown 3 | . . 1 . . . . . . . . . . . . . . . . 1 1 Destroy 39 | . . . . . . . . . . . . . . . . . . . 38 1 Melee Attacks 533 | . . 22 . . 83 25 . . 12 75 6 1 . 7 26 53 23 16 64 120 Impact . | . . . . . . . . . . . . . . . . . . . . . Slashing 533 | . . 22 . . 83 25 . . 12 75 6 1 . 7 26 53 23 16 64 120 Piercing . | . . . . . . . . . . . . . . . . . . . . . Sneak Attacks 47 | . . . . . 4 2 . . . 8 3 . . 3 3 7 2 . 14 1 Combat Hostiles 1 | . . . . . 1 . . . . . . . . . . . . . . . Follow-up Attacks 10 | . . . . . 1 . . . . . . . . . . 2 . . . 7 Damage Inflicted 38243 | 187 570 1323 142 . 1720 577 . . 76 2198 332 . . 216 559 1380 347 149 22021 6446 Guns 17937 | 187 146 38 . . . . . . . . . . . . . . . . 17429 137 Cannons 5598 | . . 1070 142 . 25 . . . . . . . . . . . . 22 2170 2169 Explosions 1037 | . 424 215 . . 325 . . . . . . . . . . . . . 73 . Melee 13629 | . . . . . 1370 577 . . 76 2198 332 . . 216 559 1380 347 127 2307 4140 Ramming 42 | . . . . . . . . . . . . . . . . . . . 42 . Kinetic 17962 | 187 146 38 . . 25 . . . . . . . . . . . . . 17429 137 Thermal 2000 | . . 1070 142 . . . . . . . . . . . . . . 22 671 95 Explosive 1037 | . 424 215 . . 325 . . . . . . . . . . . . . 73 . Electromagnetic . | . . . . . . . . . . . . . . . . . . . . . Impact . | . . . . . . . . . . . . . . . . . . . . . Slashing 13629 | . . . . . 1370 577 . . 76 2198 332 . . 216 559 1380 347 127 2307 4140 Piercing . | . . . . . . . . . . . . . . . . . . . . . Phasic 3573 | . . . . . . . . . . . . . . . . . . . 1499 2074 Highest Corruption 21 | . . . . . . 2 2 2 5 3 3 3 3 . 2 4 . 1 9 21 Average Corruption 3 | . . . . . . 2 2 1 3 2 3 3 2 . 1 2 . 1 3 14 Corruption Purged 11 | . . . . . . . . 2 . . . . 3 . . . . . . 6 Corruption Blocked . | . . . . . . . . . . . . . . . . . . . . . Effects 328 | . . . . . . 1 4 4 32 27 22 20 4 . 3 22 . 6 151 32 Message Errors 80 | . . . . . . . 1 1 8 6 3 6 1 . . 6 . 2 33 13 Matter Fused 85 | . . . . . . . 1 1 6 6 7 10 1 . . 3 . 2 43 5 Heat Flow Errors 44 | . . . . . . . . . 6 5 4 3 . . 1 5 . . 19 1 Energy Discharges 43 | . . . . . . 1 2 1 4 5 5 1 2 . 1 5 . . 12 4 Parts Rejected 3 | . . . . . . . . . . . . . . . . . . . 3 . Parts Fused 6 | . . . . . . . . 1 1 1 . . . . 1 . . . 2 . Data Loss (minor) 22 | . . . . . . . . . 2 2 2 . . . . 1 . 2 11 2 Data Loss (major) 16 | . . . . . . . . . 3 2 1 . . . . 1 . . 6 3 Misfires 2 | . . . . . . . . . . . . . . . . . . . 2 . Alerts 5 | . . . . . . . . . 2 . . . . . . 1 . . 2 . Misdirections 4 | . . . . . . . . . . . . . . . . . . . . 4 Weapon Failures 18 | . . . . . . . . . . . . . . . . . . . 18 . Overload Shots . | . . . . . . . . . . . . . . . . . . . . . Overflow Damage 2462 | . 12 11 52 . 95 80 . . . 389 152 . . 64 109 200 26 . 707 565 Projectiles 651 | . . 11 52 . . . . . . . . . . . . . . . 414 174 Explosions 26 | . 12 . . . . . . . . . . . . . . . . . 14 . Melee 1785 | . . . . . 95 80 . . . 389 152 . . 64 109 200 26 . 279 391 Knockbacks . | . . . . . . . . . . . . . . . . . . . . . Impact . | . . . . . . . . . . . . . . . . . . . . . Kinetic . | . . . . . . . . . . . . . . . . . . . . . Secondary . | . . . . . . . . . . . . . . . . . . . . . Self-Inflicted Damage 214 | . 124 . . . . . . . . . . . . . . . . . 90 . Shots 5 | . 4 . . . . . . . . . . . . . . . . . 1 . Rammed 2 | . . . . . . . . . . . . . . . . . . . 2 . Targets Rammed 2 | . . . . . . . . . . . . . . . . . . . 2 . Kicked . | . . . . . . . . . . . . . . . . . . . . . Crushed . | . . . . . . . . . . . . . . . . . . . . . Highest Temperature 381 | . 40 315 336 . 27 . . . 219 250 198 257 . . 159 229 . . 381 334 Average Temperature 89 | . 16 88 171 . 11 . . . 81 98 93 102 . . 94 110 . . 91 135 Received Heat Transfer 3033 | . . 288 . . 913 104 . 54 21 456 9 . . . 79 146 69 12 387 495 Effects 4 | . . . 2 . . . . . . . . . . . . . . . 2 . Energy Bleed 2 | . . . . . . . . . . . . . . . . . . . 2 . Interference 2 | . . . 2 . . . . . . . . . . . . . . . . . Siege Activations 11 | . . . . . . . . . . . . . . . . . . . 11 . Total Turns 195 | . . . . . . . . . . . . . . . . . . . 195 . Longest Duration 39 | . . . . . . . . . . . . . . . . . . . 39 . Martial Activations . | . . . . . . . . . . . . . . . . . . . . . Shielding Activations . | . . . . . . . . . . . . . . . . . . . . . Robots Disrupted 3 | . . . . . . . . . . 1 . . . . . 1 . . 1 . Combat Hostiles 3 | . . . . . . . . . . 1 . . . . . 1 . . 1 . Robots Corrupted . | . . . . . . . . . . . . . . . . . . . . . Combat Hostiles . | . . . . . . . . . . . . . . . . . . . . . Parts Fried 1 | . . . . . . . . . . . . . . . . . 1 . . . Impact Corruptions . | . . . . . . . . . . . . . . . . . . . . . Robots Melted 3 | . . 1 . . . . . . . . . . . . . . . . 1 1 Combat Hostiles 3 | . . 1 . . . . . . . . . . . . . . . . 1 1 Parts Melted 11 | . . 4 . . 1 . . . . . . . . . . . . . 6 . Heat Transferred 2338 | . . 1480 185 . . . . . . . . . . . . . . 18 555 100 Parts Sabotaged . | . . . . . . . . . . . . . . . . . . . . . Parts Stolen . | . . . . . . . . . . . . . . . . . . . . . Parts Stripped 8 | . . . . . . . . . . . . . . . . . . . . 8 Power Chain Reactions . | . . . . . . . . . . . . . . . . . . . . . Alert | -11 -10 -10 -7 -7 -5 -5 -5 -5 -5 -4 -4 -4 -4 -3 -3 -3 -2 -2 -2 -1 ------- Run | Yrd Mat Sub Rec Scr Fac Ext Cet Arc Hub Fac Upp Upp Zhi Pro Res Tes Res Qua Frg Acc Maximum Alert Level 5 | . . . . . 4 3 2 . . 4 . . . . 4 4 3 3 5 5 Low Security (%) 32 | 100 100 . 100 . 19 . . 100 100 22 . . . . 46 . . . 2 . Level 1 7 | . . . . . 27 1 4 . . 31 . . . . 4 . . . 3 . Level 2 25 | . . . . . 20 92 95 . . 9 . . . . 25 34 . 76 29 . Level 3 17 | . . . . . 28 5 . . . 6 . . . . 17 34 100 23 28 . Level 4 6 | . . . . . 4 . . . . 30 . . . . 6 31 . . 6 . Level 5 7 | . . . . . . . . . . . . . . . . . . . 29 32 High Security 1 | . . . . . . . . . . . . . . . . . . . . 67 Max Security . | . . . . . . . . . . . . . . . . . . . . . Peak Influence 4014 | 10 87 . 64 . 1261 788 483 167 127 1456 . . . . 1151 1384 1083 846 4014 3844 Initial 2349 | . . . 64 . . 590 428 167 . 39 . . . . 17 645 776 604 323 2349 Average 703 | . 23 . 13 . 536 530 448 26 28 593 . . . . 397 958 847 625 1359 2951 Influence Increases 20497 | 25 279 165 190 . 2400 937 357 77 485 2953 104 64 . 72 1776 1687 679 841 5431 1975 Destroy 0b10 Robot/C 9920 | . 120 120 . . 1280 380 160 40 220 1380 60 40 . 40 920 860 340 440 2840 680 Destroy 0b10 Robot/NC 555 | 25 30 . 5 . 60 25 10 . 15 70 10 . . 5 70 60 10 20 130 10 Destroy Leader 1656 | . 26 . . . 248 36 . . 54 290 . . . . 204 104 80 34 446 134 Allied During Kill 3886 | . . . 2 . 373 237 137 7 131 852 34 24 . 27 424 496 186 159 789 8 Trap Triggered on 0b10 80 | . . . . . . . . . . . . . . . . . . 10 70 . Successful Hack 486 | . 34 . 30 . 42 20 . . 25 130 . . . . 41 36 . 10 118 . Select Force Hacks 180 | . 30 . 150 . . . . . . . . . . . . . . . . . Disable Machine 795 | . . . . . 60 90 30 30 . 120 . . . . 30 75 15 90 210 45 Anti-Garrison Action 150 | . . . . . . . . . . . . . . . . . . . 150 . Destroy Structure 1409 | . 39 . 3 . 262 104 20 . 40 96 . . . . 72 56 48 48 528 93 Partial Spotted 135 | . . . . . 15 . . . . 15 . . . . . . . . . 105 Lose Combat Pursuer 1245 | . . 45 . . 60 45 . . . . . . . . 15 . . 30 150 900 Influence Decreases 16653 | 25 240 69 325 . 1195 1376 704 496 405 1585 1011 514 91 46 655 1454 984 1341 2089 2048 Entered New Map 5474 | . . 19 71 . . 615 338 252 . 41 537 104 91 . 9 502 604 471 252 1568 Time Decay 6825 | 25 240 50 254 . 625 601 206 164 385 650 474 410 . 46 446 522 350 490 767 120 Lost Part 600 | . . . . . 30 . . . . 30 . . . . . 10 . . 270 260 Lost Ally 2310 | . . . . . 540 160 160 80 20 320 . . . . 200 120 30 80 500 100 Purge Threat 1444 | . . . . . . . . . . 544 . . . . . 300 . 300 300 . Squads Dispatched 128 | . 1 . . . 31 2 . . 5 22 . . . . 14 11 5 6 10 21 Investigation 30 | . 1 . . . 11 . . . . 10 . . . . 3 2 . . 3 . Extermination 28 | . . . . . 5 . . . 5 6 . . . . 3 3 2 2 2 . Reinforcement 25 | . . . . . 6 . . . . 3 . . . . 4 4 1 3 2 2 Assault 40 | . . . . . 7 2 . . . 3 . . . . 4 2 2 1 3 16 Garrison 5 | . . . . . 2 . . . . . . . . . . . . . . 3 Intercept . | . . . . . . . . . . . . . . . . . . . . . Searches Triggered . | . . . . . . . . . . . . . . . . . . . . . Construction Impeded 1 | . . . . . . . . . . . . . . . . 1 . . . . Haulers Reinforced 4 | . . . . . . . . . . 1 . . . . 3 . . . . . Active Scanning Responses . | . . . . . . . . . . . . . . . . . . . . . Cargo Convoy Interrupts . | . . . . . . . . . . . . . . . . . . . . . Stealth | -11 -10 -10 -7 -7 -5 -5 -5 -5 -5 -4 -4 -4 -4 -3 -3 -3 -2 -2 -2 -1 --------- Run | Yrd Mat Sub Rec Scr Fac Ext Cet Arc Hub Fac Upp Upp Zhi Pro Res Tes Res Qua Frg Acc Distress Signals 47 | . . . . . . 1 2 . 2 2 . . . 15 . 3 . . 19 3 Communications Jammed 48 | . . . . . . . . 1 . 14 . . . . 22 2 . . . 9 Distress Signals 34 | . . . . . . . . 1 . 5 . . . . 17 2 . . . 9 Times Spotted 894 | . 14 23 . . 84 35 9 4 16 71 3 . . 5 36 41 17 17 403 116 Peak Tracking Total 15 | . 3 5 . . 5 9 5 3 5 5 2 . . 2 3 7 6 4 14 15 Tactical Retreats 35 | . . 2 . . 4 1 . . . . . . . . 1 . . 1 8 18 Traps | -11 -10 -10 -7 -7 -5 -5 -5 -5 -5 -4 -4 -4 -4 -3 -3 -3 -2 -2 -2 -1 ------- Run | Yrd Mat Sub Rec Scr Fac Ext Cet Arc Hub Fac Upp Upp Zhi Pro Res Tes Res Qua Frg Acc Traps Triggered 15 | . 2 2 . . 3 4 . . . 1 . . . . . . . . 3 . Indirectly . | . . . . . . . . . . . . . . . . . . . . . Trap Hack Attempts . | . . . . . . . . . . . . . . . . . . . . . Triggered . | . . . . . . . . . . . . . . . . . . . . . Disarmed 12 | . . . . . . . . . . . . . . . . . . . 12 . Reprogrammed . | . . . . . . . . . . . . . . . . . . . . . Reused 8 | . . . . . . . . . . . . . . . . . . 1 7 . Traps Extracted 7 | . . . . . . . . . . . 4 1 . . . . . 2 . . Installed 17 | . . 1 . . . . . . . . . . . 6 . . . 3 7 . Triggered 8 | . . . . . . . . . . . . . . . . . . 1 7 . Most Traps Carried 12 | . . . . . . . . . . . 7 8 8 12 8 8 8 8 7 . Machines | -11 -10 -10 -7 -7 -5 -5 -5 -5 -5 -4 -4 -4 -4 -3 -3 -3 -2 -2 -2 -1 ---------- Run | Yrd Mat Sub Rec Scr Fac Ext Cet Arc Hub Fac Upp Upp Zhi Pro Res Tes Res Qua Frg Acc Machines Disabled 64 | . . 5 . . 4 8 3 2 . 8 . . . . 2 5 1 6 17 3 Max in Single Turn 2 | . . 1 . . 1 1 1 . . . . . . . 1 1 . 1 2 1 Garrison Access 6 | . . . . . 3 . . . . 2 . . . . . . . . 1 . Network Hub 2 | . . . . . . . . . 2 . . . . . . . . . . . Machines Repaired . | . . . . . . . . . . . . . . . . . . . . . Machines Dismantled 6 | . . . . . . 5 1 . . . . . . . . . . . . . Machines Sabotaged . | . . . . . . . . . . . . . . . . . . . . . Overloaded Fab Kills . | . . . . . . . . . . . . . . . . . . . . . Hacking | -11 -10 -10 -7 -7 -5 -5 -5 -5 -5 -4 -4 -4 -4 -3 -3 -3 -2 -2 -2 -1 --------- Run | Yrd Mat Sub Rec Scr Fac Ext Cet Arc Hub Fac Upp Upp Zhi Pro Res Tes Res Qua Frg Acc Machines Accessed 138 | . 9 4 9 6 28 13 1 . 3 21 . 3 5 . 9 9 1 5 12 . Terminals 70 | . 8 . 4 . 12 13 1 . 3 8 . 1 . . 4 6 1 4 5 . Fabricators 11 | . . . . . 2 . . . . 3 . . . . . 2 . . 4 . Repair Stations 2 | . . . . . 1 . . . . . . . . . 1 . . . . . Recycling Units 25 | . 1 . 5 . 7 . . . . 7 . . . . 3 . . . 2 . Scanalyzers 8 | . . . . . 2 . . . . 2 . . . . 1 1 . 1 1 . Garrison Access 5 | . . . . . 4 . . . . 1 . . . . . . . . . . Total Hacks 381 | . 29 9 23 31 53 24 1 . 7 67 . 3 18 . 23 32 4 16 41 . Successful 232 | . 17 9 14 31 34 10 . . 5 47 . 3 18 . 8 14 1 5 16 . Failed 149 | . 12 . 9 . 19 14 1 . 2 20 . . . . 15 18 3 11 25 . Catastrophic 23 | . 2 . . . 3 . . . 1 3 . . . . 3 3 1 3 4 . Database Lockouts . | . . . . . . . . . . . . . . . . . . . . . Manual 162 | . 24 . 12 . 30 5 1 . 5 27 . . . . 10 13 4 2 29 . Terminals 200 | . 28 . 11 . 28 24 1 . 7 36 . 1 . . 11 21 4 12 16 . Fabricators 31 | . . . . . 4 . . . . 9 . . . . . 6 . . 12 . Repair Stations 6 | . . . . . 1 . . . . . . . . . 5 . . . . . Recycling Units 41 | . 1 . 12 . 9 . . . . 9 . . . . 5 . . . 5 . Scanalyzers 34 | . . . . . 4 . . . . 11 . . . . 2 5 . 4 8 . Garrison Access 9 | . . . . . 7 . . . . 2 . . . . . . . . . . Terminal Hacks 122 | . 6 9 4 31 7 8 . . 2 13 . 3 18 . 2 8 . 4 7 . Record 42 | . . 6 . 29 . . . . . . . 1 6 . . . . . . . Part Schematic 9 | . 2 . 1 . 1 . . . . . . . 4 . . 1 . . . . Robot Analysis 6 | . . . 1 . . . . . . . . . 4 . . . . . 1 . Prototype ID Bank 8 | . 1 . 1 . . . . . . 2 . . 4 . . . . . . . Open Door 13 | . . 1 . 1 1 7 . . . . . 2 . . . 1 . . . . Level Access Points 1 | . . . . . . . . . 1 . . . . . . . . . . . Branch Access Points 1 | . . . . . . . . . . 1 . . . . . . . . . . Emergency Access Points 1 | . . . . . . . . . . . . . . . . 1 . . . . Terminal Index 2 | . . . 1 . . 1 . . . . . . . . . . . . . . Recycling Unit Index 1 | . . . . . . . . . . 1 . . . . . . . . . . Alert Level 4 | . . . . . 2 . . . . 1 . . . . . 1 . . . . Unreport Threat 10 | . . . . . . . . . . 4 . . . . . 2 . 2 2 . Locate Traps 12 | . 1 . . . 2 . . . 1 2 . . . . 1 2 . 1 2 . Disarm Traps 2 | . . . . . . . . . . . . . . . . . . . 2 . Recall Extermination 2 | . . . . . 1 . . . . . . . . . . . . 1 . . Hauler Manifests 1 | . . . . . . . . . . 1 . . . . . . . . . . Registered Components 1 | . . . . . . . . . . 1 . . . . . . . . . . Zone Layout 3 | . 2 . . . . . . . . . . . . . 1 . . . . . Proto ID Catalog 2 | . . 1 . 1 . . . . . . . . . . . . . . . . Release Object 1 | . . 1 . . . . . . . . . . . . . . . . . . Fabricator Hacks 8 | . . . . . 1 . . . . 5 . . . . . 2 . . . . Network Status 2 | . . . . . 1 . . . . 1 . . . . . . . . . . Load Schematic 3 | . . . . . . . . . . 2 . . . . . 1 . . . . Build 3 | . . . . . . . . . . 2 . . . . . 1 . . . . Repair Station Hacks 2 | . . . . . . . . . . . . . . . 2 . . . . . Scan Component 1 | . . . . . . . . . . . . . . . 1 . . . . . Repair 1 | . . . . . . . . . . . . . . . 1 . . . . . Recycling Unit Hacks 3 | . . . 3 . . . . . . . . . . . . . . . . . Retrieve Components 3 | . . . 3 . . . . . . . . . . . . . . . . . Scanalyzer 17 | . . . . . 4 . . . . 10 . . . . 1 . . 1 1 . Insert Component 7 | . . . . . 1 . . . . 4 . . . . 1 . . 1 . . Analyze 6 | . . . . . 1 . . . . 5 . . . . . . . . . . Retrieve Study 4 | . . . . . 2 . . . . 1 . . . . . . . . 1 . Garrison Access Hacks 2 | . . . . . 1 . . . . 1 . . . . . . . . . . Seal Access 2 | . . . . . 1 . . . . 1 . . . . . . . . . . Unauthorized Hacks 78 | . 11 . 7 . 21 2 . . 3 18 . . . . 3 4 1 . 8 . Terminals 37 | . 10 . 2 . 11 2 . . 3 7 . . . . . . 1 . 1 . Track 6 | . 1 . . . . . . . 2 2 . . . . . . . . 1 . Assimilate 5 | . 1 . . . 2 . . . . 2 . . . . . . . . . . Botnet 10 | . 2 . 1 . 2 1 . . 1 2 . . . . . . 1 . . . Operators 4 | . 1 . . . 1 1 . . . 1 . . . . . . . . . . Skim 12 | . 5 . 1 . 6 . . . . . . . . . . . . . . . Fabricators 13 | . . . . . 2 . . . . 4 . . . . . 3 . . 4 . Report 1 | . . . . . . . . . . 1 . . . . . . . . . . Prioritize 1 | . . . . . . . . . . . . . . . . 1 . . . . Liberate 5 | . . . . . 1 . . . . 2 . . . . . 2 . . . . Fabnet 4 | . . . . . . . . . . . . . . . . . . . 4 . Haulers 2 | . . . . . 1 . . . . 1 . . . . . . . . . . Repair Stations 1 | . . . . . 1 . . . . . . . . . . . . . . . Patch 1 | . . . . . 1 . . . . . . . . . . . . . . . Recycling Units 25 | . 1 . 5 . 7 . . . . 7 . . . . 3 . . . 2 . Tunnel 6 | . 1 . 5 . . . . . . . . . . . . . . . . . Fedlink 19 | . . . . . 7 . . . . 7 . . . . 3 . . . 2 . Scanalyzers 2 | . . . . . . . . . . . . . . . . 1 . . 1 . Researchers 2 | . . . . . . . . . . . . . . . . 1 . . 1 . Garrison Access . | . . . . . . . . . . . . . . . . . . . . . Data Cores Recovered 4 | . . . . . . . . . . 1 . . . . 1 1 1 . . . Used . | . . . . . . . . . . . . . . . . . . . . . Hacking Detections 74 | . 8 . 4 . 18 8 1 . 3 8 . . . . 5 8 1 3 7 . Full Trace Events 5 | . . . . . 2 . . . . 2 . . . . . 1 . . . . Feedback Events . | . . . . . . . . . . . . . . . . . . . . . Feedback Blocked . | . . . . . . . . . . . . . . . . . . . . . Robot Schematics Acquired 8 | . . . . . . . . . . . . . . . . 2 . 6 . . Robots Built . | . . . . . . . . . . . . . . . . . . . . . Authchips . | . . . . . . . . . . . . . . . . . . . . . Time . | . . . . . . . . . . . . . . . . . . . . . Total Robot Build Rating . | . . . . . . . . . . . . . . . . . . . . . Part Schematics Acquired 59 | . 2 . 1 . 2 . . . . 20 1 1 6 . 6 12 2 6 . . Parts Built 3 | . . . . . . . . . . 2 . . . . . 1 . . . . Authchips . | . . . . . . . . . . . . . . . . . . . . . Time 97 | . . . . . . . . . . 50 . . . . . 47 . . . . Total Part Build Rating 7 | . . . . . . . . . . 2 . . . . . 5 . . . . Part Studies Acquired 4 | . . . . . 2 . . . . 1 . . . . . . . . 1 . Parts Repaired 1 | . . . . . . . . . . . . . . . 1 . . . . . Time 54 | . . . . . . . . . . . . . . . 54 . . . . . Parts Recycled . | . . . . . . . . . . . . . . . . . . . . . Recycled Matter . | . . . . . . . . . . . . . . . . . . . . . Retrieved Matter . | . . . . . . . . . . . . . . . . . . . . . Retrieved Components 6 | . . . 6 . . . . . . . . . . . . . . . . . Parts Scanalyzed 4 | . . . . . 1 . . . . 3 . . . . . . . . . . Part Schematics Acquired 4 | . . . . . 1 . . . . 3 . . . . . . . . . . Parts Damaged . | . . . . . . . . . . . . . . . . . . . . . Bothacking | -11 -10 -10 -7 -7 -5 -5 -5 -5 -5 -4 -4 -4 -4 -3 -3 -3 -2 -2 -2 -1 ------------ Run | Yrd Mat Sub Rec Scr Fac Ext Cet Arc Hub Fac Upp Upp Zhi Pro Res Tes Res Qua Frg Acc Used RIF Installer . | . . . . . . . . . . . . . . . . . . . . . Robots Hacked 14 | . . . . . . 2 . . . . . . . . . . . 1 3 8 Non-combat 1 | . . . . . . 1 . . . . . . . . . . . . . . Combat 12 | . . . . . . 1 . . . . . . . . . . . . 3 8 Robot Hacks Applied 6 | . . . . . . 3 . . . . . . . . . . . . 3 . parse_system 6 | . . . . . . 3 . . . . . . . . . . . . 3 . Manual 1 | . . . . . . . . . . . . . . . . . . 1 . . Relay Couplers Released 11 | . . . . . 1 . . . . 2 . . . . 4 . . . 4 . Machine Destruction 3 | . . . . . 1 . . . . 2 . . . . . . . . . . Programmers 8 | . . . . . . . . . . . . . . . 4 . . . 4 . Fabnet Peak Effective % 12 | . . . . . . . . . . . . . . . . . . . . 12 Autooverrided 8 | . . . . . . . . . . . . . . . . . . . . 8 Robots Rewired 14 | . . . 11 . . 3 . . . . . . . . . . . . . . Allies Hacked 25 | . . . . . 1 1 . . 3 4 . . . . 4 5 . 1 6 . Hacks Repelled 9 | . . . . . . . . . 4 1 . . . . 1 2 . . 1 . Allies | -11 -10 -10 -7 -7 -5 -5 -5 -5 -5 -4 -4 -4 -4 -3 -3 -3 -2 -2 -2 -1 -------- Run | Yrd Mat Sub Rec Scr Fac Ext Cet Arc Hub Fac Upp Upp Zhi Pro Res Tes Res Qua Frg Acc Total Allies 49 | . 1 . 11 . . 21 . . . 8 . . . . . . . . . 8 Largest Group 17 | . 1 1 12 12 12 17 12 4 . 3 . . . . . . . . . 2 Highest-Rated Group 610 | . 10 10 274 278 278 610 459 218 . 141 . . . . . . . . . 116 Highest-Rated Ally 159 | . 10 10 40 40 40 159 143 136 . 54 . . . . . . . . . 64 Initial UFD Resources 125 | . . . . . 37 61 61 61 61 64 88 88 88 90 90 106 109 109 109 125 Total Orders 120 | . . 8 2 7 19 . 2 . 25 21 . . . 2 2 7 1 2 22 . STAY 59 | . . 5 1 3 1 . 1 . 17 12 . . . 1 1 2 . 1 14 . ROAM 3 | . . 1 . . . . . . . . . . . . . 1 1 . . . FOLLOW 35 | . . 2 1 1 2 . 1 . 7 9 . . . 1 1 1 . 1 8 . PICKUP 3 | . . . . 3 . . . . . . . . . . . . . . . . EXPLORE 3 | . . . . . . . . . . . . . . . . 3 . . . . RETURN 17 | . . . . . 16 . . . 1 . . . . . . . . . . . Ally Attacks 2024 | . . . . . 281 140 82 21 47 393 18 10 . 20 271 169 74 76 403 19 Total Damage 70847 | . . . . . 8978 3110 1725 505 1622 12613 634 320 . 618 10163 7494 3134 3776 15589 566 Kills 409 | . . . . . 67 22 11 2 12 74 2 2 . 2 57 48 17 24 68 1 Allies Corrupted 18 | . . . . . 3 1 . . 1 1 . . . . 3 . 1 . 7 1 Allies Melted 10 | . . . . . 1 1 . . . 2 . . . . 1 . . . 5 . Borg Created 88 | . . . . . 22 7 1 3 3 10 1 . . . 8 5 . 4 24 . Largest Collective 8 | . . . . . 5 3 4 3 5 5 5 . . . 5 5 . 3 8 . Intel | -11 -10 -10 -7 -7 -5 -5 -5 -5 -5 -4 -4 -4 -4 -3 -3 -3 -2 -2 -2 -1 ------- Run | Yrd Mat Sub Rec Scr Fac Ext Cet Arc Hub Fac Upp Upp Zhi Pro Res Tes Res Qua Frg Acc Active Infowar (turns) 19060 | 109 1624 3040 . . 81 36 105 206 . 2244 1215 993 266 1137 1359 659 574 788 4403 221 Optics 4584 | . . 532 . . . . . . . . . . . . . . . . 4052 . Sensors 3 | . . . . . . . . . . 2 . . . . . 1 . . . . Terrain 77 | 77 . . . . . . . . . . . . . . . . . . . . Structural 4374 | . . . . . . . . . . 829 133 853 1 95 262 488 574 788 351 . Seismic 4164 | 32 1624 2508 . . . . . . . . . . . . . . . . . . Jamming 7066 | . . . . . 81 36 105 206 . 1487 1215 993 266 1137 1149 170 . . . 221 ECM 1 | . . . . . . . . . . . . . . . . . . . . 1 Robot Analysis Total 6 | . . . 1 . . . . . . . . . 4 . . . . . 1 . Derelict Logs Recovered 11 | . . 2 . 5 . . . . . . 2 2 . . . . . . . . Drone Launches 43 | . . . . . 39 . . . 2 . . . . . . 2 . . . . Drone Recoveries 38 | . . . . . 37 . . . 1 . . . . . . . . . . . Exploration | -11 -10 -10 -7 -7 -5 -5 -5 -5 -5 -4 -4 -4 -4 -3 -3 -3 -2 -2 -2 -1 ------------- Run | Yrd Mat Sub Rec Scr Fac Ext Cet Arc Hub Fac Upp Upp Zhi Pro Res Tes Res Qua Frg Acc Turns Passed 39209 | 217 1624 5108 1617 3837 3377 1929 421 989 2164 2399 1218 993 274 1137 1382 1453 786 1299 6207 778 Spaces Moved 21030 | 100 872 3055 787 1938 1683 751 178 227 1094 1358 758 626 143 667 710 747 435 739 3034 1128 Core 298 | 5 . . . . . . . 25 . . . . . . . . . . . 268 Treads 9787 | 95 872 913 . . . . . 4 . 291 758 626 143 667 710 747 435 739 2787 . Legs 7 | . . . . . . . . . . . . . . . . . . . . 7 Wheels 10226 | . . 2142 787 1938 1683 751 178 198 1094 1067 . . . . . . . . 247 141 Hover . | . . . . . . . . . . . . . . . . . . . . . Flight 712 | . . . . . . . . . . . . . . . . . . . . 712 Fastest Speed 23 | 50 160 95 179 100 152 176 164 150 150 124 155 155 155 155 160 160 160 160 100 23 Average Speed 159 | 154 160 147 179 189 175 211 201 384 150 144 155 155 155 155 160 160 160 160 161 40 Slowest Speed 2000 | 160 160 179 179 220 240 240 240 2000 150 240 155 155 155 155 160 160 160 160 280 210 Overloaded Moves . | . . . . . . . . . . . . . . . . . . . . . Propulsion Burnouts . | . . . . . . . . . . . . . . . . . . . . . Robots Hopped 1 | . . . . . . . . . . . . . . . . . . . . 1 Potential Cave-ins 3 | . . . . . . . . . . . . . . . . . . . 3 . Cave-ins Triggered . | . . . . . . . . . . . . . . . . . . . . . Teleports 2 | . . . . . . . . . . . . . . . . . . . 2 . Exploration Rate (%) 65 | 5 87 94 93 91 55 86 84 80 36 40 92 95 60 74 23 93 18 72 60 36 Regions Visited 20 Branch Regions 14 Pre-discovered Areas 18 | . 1 1 5 4 3 . . . . . . 1 3 . . . . . . . Known Exits Taken 8 | . 1 1 . . 1 . . . 1 1 1 . . 1 . 1 . . . . Unknown Exits Taken 12 | 1 . . 1 1 . 1 1 1 . . . 1 1 . 1 . 1 1 1 . Scrap Searched 21 | . . 4 . 11 . . . . . . 2 3 . 1 . . . . . . Spaces Dug 258 | . 26 14 . . 41 27 . . 10 22 1 1 . 4 13 24 16 8 23 28 Terrain Destroyed 650 | . 40 42 3 . 55 51 . . 10 22 1 1 . 4 13 24 16 8 328 32 Melee 185 | . . 1 . . 41 6 . . 10 22 1 1 . 4 13 24 16 8 12 26 Projectile 328 | . 10 11 3 . 1 . . . . . . . . . . . . . 297 6 AOE 137 | . 30 30 . . 13 45 . . . . . . . . . . . . 19 . Terrain Rammed . | . . . . . . . . . . . . . . . . . . . . . Walls Destroyed . | . . . . . . . . . . . . . . . . . . . . . Machines Disabled . | . . . . . . . . . . . . . . . . . . . . . Actions | -11 -10 -10 -7 -7 -5 -5 -5 -5 -5 -4 -4 -4 -4 -3 -3 -3 -2 -2 -2 -1 --------- Run | Yrd Mat Sub Rec Scr Fac Ext Cet Arc Hub Fac Upp Upp Zhi Pro Res Tes Res Qua Frg Acc Total 25318 | 136 1035 3560 987 2114 1949 996 235 346 1600 1684 787 646 195 763 893 913 489 823 3835 1332 Wait 1861 | 6 95 288 34 79 41 91 25 68 486 139 5 6 35 57 85 37 10 11 249 14 Move 21008 | 99 871 3054 786 1937 1682 750 177 226 1093 1357 757 625 142 666 709 746 434 738 3034 1125 Hop 1 | . . . . . . . . . . . . . . . . . . . . 1 Pick Up 352 | 9 10 53 10 48 35 6 8 9 2 26 5 4 2 11 16 18 4 14 51 11 Fast Attach 83 | 7 2 5 . 3 1 . 1 3 . 2 . . 5 . 3 1 2 2 16 30 Attach 85 | . 1 2 . 1 12 . 1 8 1 4 . . 1 . 2 3 1 3 33 12 Detach 23 | . . 2 . . 3 . . 2 . 1 . . 2 . 2 . 2 . 9 . Swap 355 | 1 21 43 2 3 34 23 3 2 . 43 10 6 3 4 18 32 10 11 86 . Drop 306 | 1 6 38 1 43 25 4 11 24 2 15 3 4 5 11 17 19 4 14 43 16 Fire 294 | 13 29 50 4 . 4 7 . . . . . . . . . . . 7 170 10 Melee 522 | . . 22 . . 82 25 . . 12 75 6 1 . 7 26 51 22 16 64 113 Ram 1 | . . . . . . . . . . . . . . . . . . . 1 . Kick . | . . . . . . . . . . . . . . . . . . . . . Crush . | . . . . . . . . . . . . . . . . . . . . . Escape Stasis 48 | . . . . . 8 16 . . . 8 . . . . . . . . 16 . Rewire 183 | . . . 150 . . 27 . . 1 2 . . . . 2 1 . . . . Trap 17 | . . 1 . . . . . . . . . . . 6 . . . 3 7 . Miscellaneous 179 | . . 2 . . 22 47 9 4 3 12 1 . . 1 13 5 . 4 56 . Route ------- -11/Scrapyard -10/Materials (discovered 5 exits: [*Mat x2] / [*Min x2] / *Sub) -10/Subcaves (discovered 3 exits: *Mat x2 / *Rec) -7/Recycling (discovered 2 exits: *Fac / *Scr) -7/Scraptown (discovered 2 exits: *Fac x2) -5/Factory (discovered 8 exits: *Fac x4 / *Upp x2 / *Ext x2) -5/Extension (discovered 2 exits: *Fac / *Cet) -5/Cetus (discovered 2 exits: *Fac / [*Arc]) -5/Archives (discovered 3 exits: *Fac / *Hub x2) -5/Hub_04(d) (discovered 4 exits: *Fac x4) -4/Factory (discovered 5 exits: *Res x3 / *Upp x2) -4/Upper Caves -4/Upper Caves (discovered 2 exits: *Res / *Zhi) -4/Zhirov -3/Proximity Caves -3/Research (discovered 3 exits: Res / Arm / *Tes) -3/Testing -2/Research -2/Quarantine (discovered 3 exits: [*Acc] / [*Sec] / *Frg) -2/Protoforge -1/Access To Epsilon Eridani History --------- Turn | Location | Event 14 | -11/Scrapyard | Discovered new exit (range 15) 218 | -11/Scrapyard | Entered Materials 312 | -10/Materials | Build established: Mutant 501 | -10/Materials | Discovered new exit (range 16) 640 | -10/Materials | Discovered new exit (range 16) 700 | -10/Materials | Identified exit to Subcaves 739 | -10/Materials | Learned Storage security intel 762 | -10/Materials | Discovered new exit (range 10) 787 | -10/Materials | Learned Storage trap positions 814 | -10/Materials | Learned Materials emergency access door positions 852 | -10/Materials | Learned Storage emergency access door positions 1237 | -10/Materials | Discovered new exit (range 12) 1842 | -10/Materials | Entered Subcaves 1842 | -10/Subcaves | Accompanied by 1 ally 1961 | -10/Subcaves | Learned 2 Materials zone layouts 2545 | -10/Subcaves | Discovered new exit (range 6) 2705 | -10/Subcaves | Shifting Twisted Machinery released Sub. Power Source 2711 | -10/Subcaves | Shifting Twisted Machinery released Sub. Power Source 2902 | -10/Subcaves | Disturbed a concealed Subdweller 3223 | -10/Subcaves | A swath of the cavern ceiling suddenly collapsed 4093 | -10/Subcaves | Shifting Twisted Machinery released Sub. Machine Gun 4116 | -10/Subcaves | Shifting Twisted Machinery released Shrapnel Trap 4181 | -10/Subcaves | A swath of the cavern ceiling suddenly collapsed 4244 | -10/Subcaves | Visited Clippyterm 4247 | -10/Subcaves | Identified exit to Materials 4247 | -10/Subcaves | Identified exit to Recycling 4247 | -10/Subcaves | Learned Research security intel 5042 | -10/Subcaves | Visited 4L-MR0's lab 5105 | -10/Subcaves | Shifting Twisted Machinery released Mak. Light Armor Plating 5115 | -10/Subcaves | Shifting Twisted Machinery released Flamer 5656 | -10/Subcaves | Core integrity fell below 50% 6074 | -10/Subcaves | Found Prototype Special Melee Weapon 6082 | -10/Subcaves | Found Power Bank 6171 | -10/Subcaves | Build established: Hauler-Mutant 6549 | -10/Subcaves | Found SUBCON Basin 6950 | -10/Subcaves | Entered Recycling 6950 | -7/Recycling | Accompanied by 1 ally 7348 | -7/Recycling | Discovered new exit (range 5) 7504 | -7/Recycling | Scanned before Scraplab entrance 7529 | -7/Recycling | Entered Scraplab 7543 | -7/Recycling | Discovered new exit (range 4) 8466 | -7/Recycling | Build established: Commander-Mutant 8567 | -7/Recycling | Entered Scraptown 8567 | -7/Scraptown | Accompanied by 12 allies 8805 | -7/Scraptown | Visited Junk Repository 8855 | -7/Scraptown | Visited Cyclists 8877 | -7/Scraptown | Visited Bundlers 8966 | -7/Scraptown | Visited The Evicted 8984 | -7/Scraptown | Visited Cave Peace 9068 | -7/Scraptown | Visited SPCMW 9093 | -7/Scraptown | Visited UFD Registry 9093 | -7/Scraptown | Registered with UFD as "Nullhacker" 9175 | -7/Scraptown | Scanned Subdweller tech in exchange for log data 9181 | -7/Scraptown | Learned Research non-interactive machine intel 9182 | -7/Scraptown | Learned location of 1 exit from Factory 9184 | -7/Scraptown | Learned location of Quarantine (-2) 9186 | -7/Scraptown | Learned Research stockpile data 9211 | -7/Scraptown | Discovered new exit (range 13) 9651 | -7/Scraptown | Entered Cyclist Reading Room 9771 | -7/Scraptown | Visited Cartography Club 9808 | -7/Scraptown | Visited Chapter 10 9837 | -7/Scraptown | Visited Sword Containment 9862 | -7/Scraptown | Visited Scrap Suit Storage 9925 | -7/Scraptown | Found Scrap Suit 9980 | -7/Scraptown | Visited DA-N13 Charitable Foundation 9987 | -7/Scraptown | Found DCF Scrap (27 items) 10070 | -7/Scraptown | Visited Derelict Rescue Squad 10101 | -7/Scraptown | Visited Abandonware Association 10136 | -7/Scraptown | Learned abandonware demo "KABOOM.EXE" 10185 | -7/Scraptown | Visited Research Penetration Think Tank 10233 | -7/Scraptown | Visited Science Guys 10385 | -7/Scraptown | Delivered Scrap Shield to a Scientist 10807 | -7/Scraptown | Learned location of Upper Caves (-5) 10807 | -7/Scraptown | Learned location of Zion (-6) 10807 | -7/Scraptown | Learned location of Extension (-5) 10807 | -7/Scraptown | Learned 12 Materials zone layouts 10807 | -7/Scraptown | Learned 20 Factory zone layouts 10807 | -7/Scraptown | Learned 16 Lower Caves zone layouts 10807 | -7/Scraptown | Learned 24 Upper Caves zone layouts 10807 | -7/Scraptown | Learned 16 Proximity Caves zone layouts 10807 | -7/Scraptown | Learned 8 Proximity Caves zone layouts 10807 | -7/Scraptown | Learned Factory emergency access door positions 10807 | -7/Scraptown | Learned location of 1 exit from Lower Caves 10807 | -7/Scraptown | Learned location of 1 exit from Proximity Caves 10807 | -7/Scraptown | Learned location of 2 exits from Proximity Caves 10851 | -7/Scraptown | Found Deep Structural Scanner 11015 | -7/Scraptown | Found Prototype Slashing Weapon 11229 | -7/Scraptown | Found DRS Beacon 12037 | -7/Scraptown | Discovered new exit (range 3) 12055 | -7/Scraptown | Identified Companion Sword 12291 | -7/Scraptown | Met Optimus 12291 | -7/Scraptown | Accepted into 0bPrime 12404 | -7/Scraptown | Entered Factory 12404 | -5/Factory | Accompanied by 12 allies 12404 | -5/Factory | Evolved 10 slots: Propulsion x2, Utility x4, Weapon x4 12405 | -5/Factory | Identified exit to Factory 12406 | -5/Factory | Identified exit to Upper Caves 12406 | -5/Factory | Identified exit to Extension 12713 | -5/Factory | Identified 1B-0RG's Assimilator 12714 | -5/Factory | Assimilating Beamer 6a into Collective. 12718 | -5/Factory | Assimilating Beamer 6b into Collective. 12760 | -5/Factory | Lost 8 allies 12942 | -5/Factory | Loaded intel: 8 recycling unit locations 12953 | -5/Factory | Allied Derelicts emerged from ambush trap array 12983 | -5/Factory | Assimilating Angel 4b into Collective. 12988 | -5/Factory | Build established: Hauler-Mutant 13128 | -5/Factory | Learned location of Protoforge (-2) 13195 | -5/Factory | Discovered exit to Factory (range 19) 13351 | -5/Factory | Assimilating Sentinel 6a into Collective. 13367 | -5/Factory | Assimilating Sage 6a into Collective. 13385 | -5/Factory | Assimilating Sentinel 6b into Collective. 13408 | -5/Factory | Lost 6 allies 13455 | -5/Factory | Assimilating Engineer 6a into Collective. 13598 | -5/Factory | Found Imp. Powered Armor 13600 | -5/Factory | Found Imp. Powered Armor 13603 | -5/Factory | Found Imp. Powered Armor 13606 | -5/Factory | Found Imp. Powered Armor 13610 | -5/Factory | Found Imp. Powered Armor 13691 | -5/Factory | Discovered exit to Upper Caves (range 10) 13770 | -5/Factory | Assimilating Soldier 6a into Collective. 13795 | -5/Factory | Assimilating Slayer 6a into Collective. 13798 | -5/Factory | Assimilating Soldier 6b into Collective. 13803 | -5/Factory | Assimilating Slayer 6b into Collective. 13809 | -5/Factory | Assimilating Soldier 6c into Collective. 13826 | -5/Factory | Assimilating Administrator 6a into Collective. 13979 | -5/Factory | Assimilating Slayer 6c into Collective. 14100 | -5/Factory | Learned 12 Research zone layouts 14136 | -5/Factory | Lost 3 allies 14721 | -5/Factory | Assimilating Soldier 6d into Collective. 14724 | -5/Factory | Assimilating Soldier 6e into Collective. 14733 | -5/Factory | Assimilating Warrior 6a into Collective. 14747 | -5/Factory | Assimilating Slayer 6d into Collective. 14774 | -5/Factory | Lost 3 parts (1n2u) 14804 | -5/Factory | First assault squad dispatched 14821 | -5/Factory | Assimilating Imp 6a into Collective. 14856 | -5/Factory | Discovered exit to Factory (range 16) 15030 | -5/Factory | Assimilating Soldier 6f into Collective. 15038 | -5/Factory | Assimilating Soldier 6g into Collective. 15132 | -5/Factory | Learned Extension emergency access door positions 15147 | -5/Factory | Learned location of 1 exit from Upper Caves 15154 | -5/Factory | Learned Testing garrison access intel 15156 | -5/Factory | Learned Quarantine garrison access intel 15157 | -5/Factory | Learned location of 1 exit from Testing 15166 | -5/Factory | Learned Extension emergency access door positions 15167 | -5/Factory | Assimilating Sentinel 6c into Collective. 15186 | -5/Factory | Learned location of Warlord (-5) 15215 | -5/Factory | Learned Armory machine intel 15672 | -5/Factory | Core integrity fell below 50% 15781 | -5/Factory | Entered Extension 15920 | -5/Extension | Assimilating Sentinel 6d into Collective. 16205 | -5/Extension | Rescued a captive Derelict 16256 | -5/Extension | Rescued a captive Derelict 16257 | -5/Extension | Rescued a captive Derelict 16279 | -5/Extension | Rescued a captive Derelict 16280 | -5/Extension | Rescued a captive Derelict 16325 | -5/Extension | Rescued A7 16355 | -5/Extension | Rescued a captive Derelict 16412 | -5/Extension | Rescued a captive Derelict 16412 | -5/Extension | Rescued a captive Derelict 16469 | -5/Extension | Rescued a captive Derelict 16895 | -5/Extension | Assimilating Processor 6a into Collective. 16939 | -5/Extension | Spotted B-75 Beast 16949 | -5/Extension | Allies destroyed B-75 Beast 16957 | -5/Extension | Spotted B-75 Beast 16979 | -5/Extension | Allies destroyed B-75 Beast 17050 | -5/Extension | Assimilating Soldier 6h into Collective. 17071 | -5/Extension | Rescued a captive Derelict 17073 | -5/Extension | Rescued a captive Derelict 17115 | -5/Extension | Rescued a captive Derelict 17116 | -5/Extension | Rescued a captive Derelict 17164 | -5/Extension | Rescued a captive Derelict 17165 | -5/Extension | Rescued a captive Derelict 17375 | -5/Extension | Rescued a captive Derelict 17377 | -5/Extension | Rescued a captive Derelict 17502 | -5/Extension | Rescued a captive Derelict 17581 | -5/Extension | First assault squad dispatched 17607 | -5/Extension | Assimilating Veteran 6a into Collective. 17611 | -5/Extension | Lost 3 allies 17619 | -5/Extension | Assimilating Soldier 6i into Collective. 17632 | -5/Extension | Assimilating Veteran 6b into Collective. 17643 | -5/Extension | Assimilating Fighter 6a into Collective. 17658 | -5/Extension | Discovered exit to Factory (range 10) 17660 | -5/Extension | Discovered new exit (range 6) 17671 | -5/Extension | Lost 4 allies 17710 | -5/Extension | Entered Cetus 17710 | -5/Cetus | Accompanied by 15 allies (A7) 17715 | -5/Cetus | Acquired a Cetus Manufacturing Module code from A7 17764 | -5/Cetus | Spotted Cetus Guard 17770 | -5/Cetus | Allies destroyed Cetus Guard 17771 | -5/Cetus | Spotted Cetus Guard 17778 | -5/Cetus | Allies destroyed Cetus Guard 17778 | -5/Cetus | Spotted Cetus Guard 17789 | -5/Cetus | Allies destroyed Cetus Guard 17793 | -5/Cetus | Allies destroyed Cetus Guard 17817 | -5/Cetus | Lost 4 allies 17852 | -5/Cetus | Cetus Manufacturing Module disabled 17873 | -5/Cetus | Failed to start Cetus Manufacturing Module 17902 | -5/Cetus | Escorted A7 to Cetus Mainframe 17918 | -5/Cetus | Assimilating RF-6IO(g) into Collective. 17937 | -5/Cetus | Discovered new exit (range 20) 17981 | -5/Cetus | Spotted Cetus Guard 17982 | -5/Cetus | Spotted Cetus Guard 17988 | -5/Cetus | Spotted Cetus Guard 17992 | -5/Cetus | Discovered exit to Factory (range 29) 17998 | -5/Cetus | Spotted Cetus Guard 18001 | -5/Cetus | Allies destroyed Cetus Guard 18003 | -5/Cetus | Allies destroyed Cetus Guard 18006 | -5/Cetus | Allies destroyed Cetus Guard 18011 | -5/Cetus | Allies destroyed Cetus Guard 18025 | -5/Cetus | Met Revision 17 18035 | -5/Cetus | Lost 5 allies 18131 | -5/Cetus | Entered Archives 18131 | -5/Archives | Accompanied by 5 allies (A7) 18136 | -5/Archives | Received a hacking code to weaken MAIN.C 18158 | -5/Archives | Assimilating Warden 6a into Collective. 18189 | -5/Archives | Assimilating Warden 6b into Collective. 18204 | -5/Archives | Lost 4 allies 18212 | -5/Archives | Discovered new exit (range 16) 18270 | -5/Archives | Assimilating Director 6a into Collective. 18403 | -5/Archives | Discovered exit to Factory (range 18) 18466 | -5/Archives | Discovered new exit (range 18) 18628 | -5/Archives | Build established: Scavenger-Mutant 19120 | -5/Archives | Entered Hub_04(d) 19120 | -5/Hub_04(d) | Accompanied by 3 allies 19134 | -5/Hub_04(d) | Discovered exit to Factory (range 21) 19710 | -5/Hub_04(d) | Assimilating Sage 6b into Collective. 20817 | -5/Hub_04(d) | Assimilating Sage 6c into Collective. 21010 | -5/Hub_04(d) | Assimilating Sage 6d into Collective. 21129 | -5/Hub_04(d) | Network Hub disabled 21129 | -5/Hub_04(d) | Network Hub disabled 21284 | -5/Hub_04(d) | Entered Factory 21284 | -4/Factory | Accompanied by 5 allies 21284 | -4/Factory | Evolved 2 slots: Propulsion x1, Utility x1 21285 | -4/Factory | Identified exit to Research 21381 | -4/Factory | Fabricated Huge Storage Unit (x1) 21585 | -4/Factory | Tech Extrapolator generated special schematic: Energy Deflector 21649 | -4/Factory | Identified exit to Upper Caves 21649 | -4/Factory | Watched by a mysterious "MATRIX" hacker. 21720 | -4/Factory | Tech Extrapolator generated special schematic: Deep Structural Scanner 22128 | -4/Factory | Loaded intel: 8 recycling unit locations 22250 | -4/Factory | Assimilating Veteran 7a into Collective. 22257 | -4/Factory | Assimilating Veteran 7b into Collective. 22282 | -4/Factory | Lost 3 allies 22308 | -4/Factory | P-70 Sage assimilated allied Administrator 7a 22309 | -4/Factory | Assimilating Sage 7a into Collective. 22382 | -4/Factory | Assimilating Enforcer 7a into Collective. 22427 | -4/Factory | Assimilating Assassin 7a into Collective. 22431 | -4/Factory | Assimilating Assassin 7b into Collective. 22675 | -4/Factory | Assimilating Sage 7b into Collective. 22689 | -4/Factory | Assimilating Sage 7c into Collective. 22784 | -4/Factory | First assault squad dispatched 22844 | -4/Factory | Lost 3 allies 23011 | -4/Factory | Tech Extrapolator generated special schematic: Machine Rigger 23071 | -4/Factory | Assimilating Veteran 7d into Collective. 23195 | -4/Factory | Fabricated Hcp. Storage Unit (x1) 23302 | -4/Factory | Found Prototype Processor 23356 | -4/Factory | Assimilating Sentinel 7a into Collective. 23455 | -4/Factory | Tech Extrapolator generated special schematic: Wartreads 23683 | -4/Factory | Entered Upper Caves 23683 | -4/Upper Caves | Accompanied by 4 allies 23684 | -4/Upper Caves | Identified exit to Upper Caves 23685 | -4/Upper Caves | UFD Scientist delivered a prototype 23687 | -4/Upper Caves | Found Prototype Protection 23720 | -4/Upper Caves | Encountered a Warlord checkpoint 23764 | -4/Upper Caves | Learned Research interactive machine intel 24109 | -4/Upper Caves | Learned Research terminal intel 24597 | -4/Upper Caves | Assimilating Assassin 7c into Collective. 24901 | -4/Upper Caves | Entered another Upper Caves area 24901 | -4/Upper Caves | Accompanied by 5 allies 25006 | -4/Upper Caves | Build established: Trapper-Mutant 25108 | -4/Upper Caves | Discovered exit to Research (range 11) 25127 | -4/Upper Caves | Learned Research emergency access door positions 25154 | -4/Upper Caves | Encountered a Warlord checkpoint 25757 | -4/Upper Caves | Discovered new exit (range 10) 25894 | -4/Upper Caves | Entered Zhirov 25894 | -4/Zhirov | Accompanied by 5 allies 25894 | -4/Zhirov | Discovered new exit (range 3) 25922 | -4/Zhirov | Met Zhirov 25950 | -4/Zhirov | Learned location of Testing (-3) 25950 | -4/Zhirov | Learned location of Command (-1) 25953 | -4/Zhirov | Identified Exp. Terrain Scan Processor 25966 | -4/Zhirov | Zhirov requested help retrieving the SGEMP Prototype 25996 | -4/Zhirov | Found Alien Artifact 25996 | -4/Zhirov | Identified Integrated Dissipator 25996 | -4/Zhirov | Installed Integrated Dissipator, increased core heat dissipation (+20) 26104 | -4/Zhirov | Found Alien Artifact 26168 | -4/Zhirov | Entered Proximity Caves 26168 | -3/Proximity Caves | Accompanied by 5 allies 26171 | -3/Proximity Caves | Activated DRS Beacon 26472 | -3/Proximity Caves | Spotted B-86 Titan 26678 | -3/Proximity Caves | Attracted the attention of an 0b10 checkpoint 27305 | -3/Proximity Caves | Entered Research 27305 | -3/Research | Accompanied by 5 allies 27305 | -3/Research | Evolved 2 slots: Power x1, Propulsion x1 27306 | -3/Research | Identified exit to Armory 27307 | -3/Research | Identified exit to Research 27311 | -3/Research | Loaded intel: 69 non-interactive machine locations 27312 | -3/Research | Loaded intel: 45 interactive machine locations 27313 | -3/Research | Loaded intel: 22 terminal locations 27372 | -3/Research | Repaired Centrium Heavy Treads 27419 | -3/Research | Identified Transdimensional Reconstructor 27476 | -3/Research | Tech Extrapolator generated special schematic: Telecube 27545 | -3/Research | Loaded intel: 5 recycling unit locations 28055 | -3/Research | First assault squad dispatched 28154 | -3/Research | Assimilating Master 8a into Collective. 28221 | -3/Research | Found Prototype Processor 28223 | -3/Research | Identified Exp. Signal Interpreter 28229 | -3/Research | Identified Enh. Scrap Shield 28273 | -3/Research | Assimilating Assassin 8a into Collective. 28310 | -3/Research | Assimilating Swordsman 8a into Collective. 28344 | -3/Research | Assimilating Champion 8a into Collective. 28360 | -3/Research | Assimilating Master 8b into Collective. 28371 | -3/Research | Assimilating Master 8c into Collective. 28445 | -3/Research | Assimilating Veteran 8a into Collective. 28475 | -3/Research | Assimilating Master 8d into Collective. 28639 | -3/Research | Discovered new exit (range 14) 28687 | -3/Research | Entered Testing 28687 | -3/Testing | Accompanied by 3 allies 28709 | -3/Testing | Found Prototype Device 28718 | -3/Testing | Identified Exp. Thermal Shield 28876 | -3/Testing | Assimilating Analyst 8a into Collective. 28886 | -3/Testing | Found Med. Regenerative Plating 28890 | -3/Testing | Found Hvy. Regenerative Plating 29057 | -3/Testing | Found Prototype Device 29112 | -3/Testing | Identified Adv. EM Shield 29205 | -3/Testing | Assimilating Veteran 8b into Collective. 29437 | -3/Testing | First assault squad dispatched 29506 | -3/Testing | Assimilating Champion 8b into Collective. 29527 | -3/Testing | Assimilating Champion 8c into Collective. 29638 | -3/Testing | Found Prototype Device 29646 | -3/Testing | Identified Exp. Focal Shield 29821 | -3/Testing | Fabricated Tactical Coordination Suite? 29938 | -3/Testing | Found Prototype Hackware 29945 | -3/Testing | Identified Exp. System Shield 30103 | -3/Testing | Assimilating Veteran 8c into Collective. 30140 | -3/Testing | Entered Research 30140 | -2/Research | Accompanied by 4 allies 30140 | -2/Research | Evolved 2 slots: Utility x1, Weapon x1 30703 | -2/Research | Allied Derelicts emerged from ambush trap array 30890 | -2/Research | First assault squad dispatched 30893 | -2/Research | Discovered new exit (range 14) 30902 | -2/Research | Spotted B-90 Cyclops 30914 | -2/Research | Destroyed B-90 Cyclops 30920 | -2/Research | Lost 3 allies 30926 | -2/Research | Entered Quarantine 30926 | -2/Quarantine | Accompanied by 3 allies 30927 | -2/Quarantine | Loaded intel: 1 garrison access location 30948 | -2/Quarantine | Found Transdimensional Reconstructor 30956 | -2/Quarantine | Found Alien Artifact 30963 | -2/Quarantine | Found Alien Artifact 30964 | -2/Quarantine | Identified Dimensional Node Initializer 30964 | -2/Quarantine | Initialized slip node 31004 | -2/Quarantine | Build established: Hacker-Mutant 31014 | -2/Quarantine | Found Alien Artifact 31028 | -2/Quarantine | Found Alien Artifact 31048 | -2/Quarantine | Identified Terrabomb (x2) 31122 | -2/Quarantine | Found Alien Artifact 31506 | -2/Quarantine | Found Alien Artifact 31507 | -2/Quarantine | Identified Phase Redirector 31528 | -2/Quarantine | Discovered new exit (range 12) 31531 | -2/Quarantine | Assimilating Terminator 9a into Collective. 31534 | -2/Quarantine | Assimilating Terminator 9b into Collective. 31613 | -2/Quarantine | Assimilating Enforcer 9a into Collective. 31627 | -2/Quarantine | Assimilating Enforcer 9b into Collective. 32042 | -2/Quarantine | Spotted Fortress 32070 | -2/Quarantine | Allies destroyed Fortress 32176 | -2/Quarantine | First assault squad dispatched 32213 | -2/Quarantine | Discovered new exit (range 6) 32213 | -2/Quarantine | Discovered new exit (range 6) 32225 | -2/Quarantine | Entered Protoforge 32225 | -2/Protoforge | Accompanied by 3 allies 32239 | -2/Protoforge | Superfortress began startup sequence 32344 | -2/Protoforge | Discovered new exit (range 14) 32362 | -2/Protoforge | Spotted Hotshot 32384 | -2/Protoforge | Allies destroyed Hotshot 32386 | -2/Protoforge | Initialized slip node 32407 | -2/Protoforge | Spotted Hotshot 32427 | -2/Protoforge | Assimilating Hotshot into Collective. 32532 | -2/Protoforge | Assimilating Enforcer 9c into Collective. 32537 | -2/Protoforge | Assimilating Enforcer 9d into Collective. 32542 | -2/Protoforge | Assimilating Enforcer 9e into Collective. 32627 | -2/Protoforge | Found Prototype Protection 32628 | -2/Protoforge | Identified Cep. Core Shell 32642 | -2/Protoforge | Used Terrabomb 32642 | -2/Protoforge | Additional patrols dispatched to research labs 32659 | -2/Protoforge | Found Prototype Device 32662 | -2/Protoforge | Spotted Hotshot 32664 | -2/Protoforge | Identified Cep. Antimissile System 32664 | -2/Protoforge | Spotted Hotshot 32666 | -2/Protoforge | Allies destroyed Hotshot 32666 | -2/Protoforge | Allies destroyed Hotshot 32741 | -2/Protoforge | Assimilating Enforcer 9f into Collective. 32757 | -2/Protoforge | Assimilating Champion 9a into Collective. 32922 | -2/Protoforge | Spotted B-90 Cyclops 32941 | -2/Protoforge | Allies destroyed B-90 Cyclops 32963 | -2/Protoforge | Targeted by mysterious "MATRIX" hacker. 33031 | -2/Protoforge | Assimilating Master 9a into Collective. 33106 | -2/Protoforge | Used Terrabomb 33129 | -2/Protoforge | Spotted EXE-6 33131 | -2/Protoforge | Spotted EXE-6 33137 | -2/Protoforge | Assimilating EXE-6 into Collective. 33148 | -2/Protoforge | Allies destroyed EXE-6 33158 | -2/Protoforge | Found Prototype Processor 33162 | -2/Protoforge | Found Prototype Device 33166 | -2/Protoforge | Identified Exp. Kinecellerator 33174 | -2/Protoforge | Found Prototype Processor 33180 | -2/Protoforge | Identified Exp. Core Analyzer (x2) 33225 | -2/Protoforge | First assault squad dispatched 33226 | -2/Protoforge | Assimilating Enforcer 9g into Collective. 33231 | -2/Protoforge | Assimilating Master 9b into Collective. 33234 | -2/Protoforge | Assimilating Enforcer 9h into Collective. 33259 | -2/Protoforge | Lost 3 allies 33267 | -2/Protoforge | Spotted Decapitator 33286 | -2/Protoforge | Spotted Decapitator 33287 | -2/Protoforge | Assimilating Decapitator into Collective. 33297 | -2/Protoforge | Allies destroyed Decapitator 33381 | -2/Protoforge | UFD initiated attack on Protoforge (Readiness: High) 33381 | -2/Protoforge | Loaded intel: 3 recycling unit locations 33418 | -2/Protoforge | Optimus greeted in Protoforge 33502 | -2/Protoforge | Spotted Overlord 33507 | -2/Protoforge | Assimilating 02F02-K into Collective. 33512 | -2/Protoforge | Met 7R-MNS 33521 | -2/Protoforge | Assimilating 02F05-K into Collective. 33679 | -2/Protoforge | Spotted Executioner 33679 | -2/Protoforge | Spotted Executioner 33700 | -2/Protoforge | Spotted Executioner 33706 | -2/Protoforge | Spotted Executioner 33715 | -2/Protoforge | P-80 Master assimilated allied Lugger 483 33746 | -2/Protoforge | Assimilating Master 9c into Collective. 33759 | -2/Protoforge | Build established: Scavenger-Mutant 33767 | -2/Protoforge | Lost 13 allies 33911 | -2/Protoforge | Spotted Striker 33916 | -2/Protoforge | Spotted Striker 33922 | -2/Protoforge | Spotted Striker 33927 | -2/Protoforge | Assimilating 02F01-K into Collective. 33931 | -2/Protoforge | Spotted Executioner 33964 | -2/Protoforge | Lost 5 allies 33995 | -2/Protoforge | Spotted Striker 33995 | -2/Protoforge | Spotted Executioner 33996 | -2/Protoforge | Spotted Executioner 33997 | -2/Protoforge | Spotted Executioner 34059 | -2/Protoforge | Lost 13 allies 34061 | -2/Protoforge | Spotted Executioner 34162 | -2/Protoforge | Spotted Executioner 34163 | -2/Protoforge | Spotted Striker 34204 | -2/Protoforge | Lost 4 allies 34206 | -2/Protoforge | Spotted Executioner 34208 | -2/Protoforge | Spotted Executioner 34250 | -2/Protoforge | Lost 3 allies 34292 | -2/Protoforge | Spotted Executioner 34293 | -2/Protoforge | P-80 Master assimilated allied 02FAK-D 34304 | -2/Protoforge | P-80 Master assimilated allied Z5-S4Z(E) 34347 | -2/Protoforge | Lost 10 allies 34422 | -2/Protoforge | Spotted Executioner 34450 | -2/Protoforge | Lost 3 allies 34460 | -2/Protoforge | Forge Plexus network access discovered 34488 | -2/Protoforge | Spotted Striker 34488 | -2/Protoforge | P-80 Master assimilated allied 02FBF-D 34492 | -2/Protoforge | Spotted Striker 34496 | -2/Protoforge | Spotted Striker 34496 | -2/Protoforge | Spotted Striker 34498 | -2/Protoforge | Spotted Striker 34502 | -2/Protoforge | Spotted Striker 34508 | -2/Protoforge | Spotted Executioner 34514 | -2/Protoforge | Spotted Executioner 34529 | -2/Protoforge | Assimilating Striker into Collective. 34536 | -2/Protoforge | Assimilating Striker into Collective. 34561 | -2/Protoforge | Lost 11 allies 34784 | -2/Protoforge | Spotted Striker 34789 | -2/Protoforge | Spotted Striker 34809 | -2/Protoforge | Assimilating Striker into Collective. 34821 | -2/Protoforge | Assimilating Striker into Collective. 34833 | -2/Protoforge | Build established: Trapper-Mutant 34914 | -2/Protoforge | P-80 Master assimilated allied 02FCY-D 34925 | -2/Protoforge | Spotted Striker 34931 | -2/Protoforge | Spotted Striker 34937 | -2/Protoforge | Allies destroyed Striker 34941 | -2/Protoforge | Allies destroyed Striker 34950 | -2/Protoforge | Lost 4 allies 35102 | -2/Protoforge | Spotted Striker 35106 | -2/Protoforge | Spotted Striker 35121 | -2/Protoforge | Spotted Executioner 35122 | -2/Protoforge | Spotted Striker 35169 | -2/Protoforge | Lost 6 allies 35299 | -2/Protoforge | Spotted Striker 35301 | -2/Protoforge | Spotted Striker 35333 | -2/Protoforge | Spotted Executioner 35530 | -2/Protoforge | Spotted Striker 35570 | -2/Protoforge | Lost 3 allies 35675 | -2/Protoforge | Spotted Striker 35675 | -2/Protoforge | Spotted Striker 35679 | -2/Protoforge | Lost 8 allies 35759 | -2/Protoforge | Spotted Executioner 35760 | -2/Protoforge | Spotted Striker 35776 | -2/Protoforge | Spotted Executioner 35790 | -2/Protoforge | Spotted Executioner 35794 | -2/Protoforge | Spotted Executioner 35802 | -2/Protoforge | Lost 8 allies 35872 | -2/Protoforge | Lost 10 allies 35970 | -2/Protoforge | Spotted Executioner 35970 | -2/Protoforge | Spotted Executioner 36002 | -2/Protoforge | P-80 Master assimilated allied Lugger 642 36019 | -2/Protoforge | P-80 Master assimilated allied 02F29-K 36035 | -2/Protoforge | Lost 11 allies 36037 | -2/Protoforge | Assimilating Plague 9a into Collective. 36115 | -2/Protoforge | Build established: Scavenger-Mutant 36119 | -2/Protoforge | Spotted Striker 36123 | -2/Protoforge | Spotted Striker 36128 | -2/Protoforge | Allies destroyed Striker 36161 | -2/Protoforge | Spotted Executioner 36163 | -2/Protoforge | Spotted Executioner 36166 | -2/Protoforge | Spotted Executioner 36175 | -2/Protoforge | Spotted Executioner 36176 | -2/Protoforge | Spotted Striker 36179 | -2/Protoforge | Spotted Striker 36189 | -2/Protoforge | Allies destroyed Executioner 36200 | -2/Protoforge | Spotted Striker 36214 | -2/Protoforge | Allies destroyed Striker 36217 | -2/Protoforge | Allies destroyed Striker 36257 | -2/Protoforge | Core integrity fell below 50% 36263 | -2/Protoforge | Spotted Striker 36266 | -2/Protoforge | Spotted Striker 36294 | -2/Protoforge | Allies destroyed Striker 36300 | -2/Protoforge | Allies destroyed Striker 36339 | -2/Protoforge | Spotted Executioner 36343 | -2/Protoforge | Spotted Executioner 36345 | -2/Protoforge | Spotted Striker 36346 | -2/Protoforge | Spotted Executioner 36347 | -2/Protoforge | Spotted Executioner 36354 | -2/Protoforge | Allies destroyed Executioner 36358 | -2/Protoforge | Spotted Hotshot 36361 | -2/Protoforge | Spotted Hotshot 36367 | -2/Protoforge | Allies destroyed Executioner 36376 | -2/Protoforge | Allies destroyed Executioner 36384 | -2/Protoforge | Spotted Striker 36387 | -2/Protoforge | Spotted Striker 36387 | -2/Protoforge | Spotted Striker 36390 | -2/Protoforge | Spotted Striker 36408 | -2/Protoforge | Spotted Executioner 36410 | -2/Protoforge | Spotted Striker 36417 | -2/Protoforge | Assimilating Striker into Collective. 36420 | -2/Protoforge | Assimilating Striker into Collective. 36431 | -2/Protoforge | Assimilating Striker into Collective. 36465 | -2/Protoforge | Spotted Striker 36471 | -2/Protoforge | Spotted Striker 36537 | -2/Protoforge | Lost 45 allies 36563 | -2/Protoforge | Spotted Striker 36582 | -2/Protoforge | Spotted Executioner 36587 | -2/Protoforge | Spotted Striker 36628 | -2/Protoforge | Found Adv. Kinecellerator 36629 | -2/Protoforge | Lost 6 allies 36655 | -2/Protoforge | Spotted Executioner 36675 | -2/Protoforge | Destroyed Executioner 36727 | -2/Protoforge | Found Exp. Targeting Computer 36800 | -2/Protoforge | Spotted Executioner 36804 | -2/Protoforge | Spotted Striker 36805 | -2/Protoforge | Spotted Executioner 36812 | -2/Protoforge | Spotted Hotshot 36812 | -2/Protoforge | Spotted Executioner 36812 | -2/Protoforge | Spotted Hotshot 36813 | -2/Protoforge | UFD reported confirmed Drillbomb installation 36815 | -2/Protoforge | Destroyed Hotshot 36816 | -2/Protoforge | Spotted Executioner 36816 | -2/Protoforge | Spotted Striker 36819 | -2/Protoforge | Destroyed Executioner 36819 | -2/Protoforge | Destroyed Hotshot 36820 | -2/Protoforge | Forged Quantum Companion 36827 | -2/Protoforge | Destroyed Executioner 36830 | -2/Protoforge | Destroyed Striker 36842 | -2/Protoforge | Spotted Striker 36854 | -2/Protoforge | Spotted Striker 36856 | -2/Protoforge | Spotted Striker 36859 | -2/Protoforge | Destroyed 13 combat bots 36859 | -2/Protoforge | Lost 4 allies 36859 | -2/Protoforge | Destroyed Striker 36879 | -2/Protoforge | Spotted Striker 36884 | -2/Protoforge | Found Scrap Suit 36885 | -2/Protoforge | Spotted Striker 36901 | -2/Protoforge | UFD reported confirmed Drillbomb installation 36904 | -2/Protoforge | Build established: Scavenger-Executioner 36940 | -2/Protoforge | Lost 4 allies 36950 | -2/Protoforge | Destroyed 7 combat bots 36978 | -2/Protoforge | Spotted Striker 36980 | -2/Protoforge | Spotted Executioner 36981 | -2/Protoforge | Spotted Striker 36981 | -2/Protoforge | Spotted Striker 36989 | -2/Protoforge | Destroyed Striker 37023 | -2/Protoforge | UFD reported confirmed Drillbomb installation 37056 | -2/Protoforge | UFD reported confirmed Drillbomb installation 37061 | -2/Protoforge | Lost 6 allies 37061 | -2/Protoforge | Spotted Striker 37061 | -2/Protoforge | Spotted Executioner 37159 | -2/Protoforge | Spotted Executioner 37180 | -2/Protoforge | UFD reported confirmed Drillbomb installation 37182 | -2/Protoforge | Spotted Executioner 37182 | -2/Protoforge | Destroyed Executioner 37196 | -2/Protoforge | Destroyed Executioner 37217 | -2/Protoforge | Destroyed 7 combat bots 37275 | -2/Protoforge | Spotted Executioner 37279 | -2/Protoforge | Spotted Executioner 37282 | -2/Protoforge | Destroyed Executioner 37303 | -2/Protoforge | Destroyed Executioner 37360 | -2/Protoforge | Spotted Immortal 37363 | -2/Protoforge | Found Cep. Core Shell 37366 | -2/Protoforge | Found Cep. Core Shell 37368 | -2/Protoforge | Found Cep. Core Shell 37374 | -2/Protoforge | Spotted Striker 37377 | -2/Protoforge | Spotted Striker 37385 | -2/Protoforge | Destroyed Striker 37389 | -2/Protoforge | Destroyed Striker 37493 | -2/Protoforge | Spotted Executioner 37496 | -2/Protoforge | Spotted Striker 37498 | -2/Protoforge | Destroyed Executioner 37515 | -2/Protoforge | Warped through subspace to slip node 37516 | -2/Protoforge | Core integrity fell below 20% 37652 | -2/Protoforge | UFD reported confirmed Drillbomb installation 37667 | -2/Protoforge | Destroyed Striker 37754 | -2/Protoforge | Spotted Executioner 37759 | -2/Protoforge | Destroyed Executioner 37780 | -2/Protoforge | Destroyed Hotshot 37783 | -2/Protoforge | Destroyed Hotshot 37820 | -2/Protoforge | Destroyed 7 combat bots 37820 | -2/Protoforge | Spotted Executioner 37829 | -2/Protoforge | Destroyed Executioner 37883 | -2/Protoforge | Found 0bPrime Scrap Suit 37907 | -2/Protoforge | Spotted Executioner 37911 | -2/Protoforge | Destroyed Executioner 37936 | -2/Protoforge | Found UFD Drillbomb 37941 | -2/Protoforge | Spotted Executioner 37945 | -2/Protoforge | Destroyed Executioner 37946 | -2/Protoforge | Spotted Executioner 37950 | -2/Protoforge | Destroyed Executioner 37990 | -2/Protoforge | Destroyed 7 combat bots 38028 | -2/Protoforge | Installed UFD Drillbomb at designated target 38028 | -2/Protoforge | UFD reported confirmed Drillbomb installation 38072 | -2/Protoforge | Spotted Striker 38085 | -2/Protoforge | Spotted Striker 38090 | -2/Protoforge | Destroyed Striker 38108 | -2/Protoforge | Destroyed Striker 38182 | -2/Protoforge | Build established: Scavenger-Scrapper 38244 | -2/Protoforge | Spotted Striker 38268 | -2/Protoforge | Destroyed Striker 38315 | -2/Protoforge | Spotted Executioner 38351 | -2/Protoforge | Destroyed Executioner 38361 | -2/Protoforge | Lost 8 parts (3n2u3w) 38384 | -2/Protoforge | Spotted Striker 38389 | -2/Protoforge | Spotted Striker 38402 | -2/Protoforge | Spotted Striker 38403 | -2/Protoforge | Spotted Executioner 38410 | -2/Protoforge | Warped through subspace to slip node 38426 | -2/Protoforge | Identified Subatomic Replicator 38426 | -2/Protoforge | Forged Prototype Slashing Weapon 38431 | -2/Protoforge | Spotted Executioner 38431 | -2/Protoforge | Spotted Executioner 38431 | -2/Protoforge | Spotted Executioner 38431 | -2/Protoforge | Spotted Striker 38432 | -2/Protoforge | Entered Access 38432 | -1/Access | Evolved 2 slots: Power x1, Utility x1 38463 | -1/Access | Lost 10 parts (2p3u5w) 38478 | -1/Access | Garrison activated, responded to threat 38553 | -1/Access | Lost 5 parts (1p3u1w) 38573 | -1/Access | Destroyed 9 combat bots 38682 | -1/Access | First assault squad dispatched 38688 | -1/Access | High security lockdown imminent 38695 | -1/Access | Build established: Scavenger-Mutant 38701 | -1/Access | System corruption reached 10% 38752 | -1/Access | Destroyed 10 combat bots 38768 | -1/Access | High security lockdown engaged 38774 | -1/Access | Lost 10 parts (3p4n2u1w) 38827 | -1/Access | Destroyed 7 combat bots 38831 | -1/Access | Core integrity fell below 50% 38834 | -1/Access | Lost 5 parts (4n1u) 38980 | -1/Access | Spotted B-99 Colossus 39173 | -1/Access | Spotted Striker 39177 | -1/Access | Spotted Striker 39195 | -1/Access | Spotted B-99 Colossus 39196 | -1/Access | Spotted B-99 Colossus 39197 | -1/Access | Core integrity fell below 20% 39207 | -1/Access | Discovered new exit (range 4) 39210 | *** | Escaped! Last Messages --------------- 39196_ Slug penetrates Wall. 39196_ Penetrated by Slug. 39196_ Adv. System Restoration Module destroyed. 39196_ Penetrated by Slug. 39196_ Slug penetrates Wall. 39196_ Penetrated by Slug. 39198_ Sealed Heavy Doors breached. 39199_ 3 KA3NZ|UY1028IUOB%G T5 39200_ Penetrated by Slug. 39200_ Slug penetrates Sealed Heavy Doors. 39200_ Slug penetrates B-99 Colossus. 39202_ System corrupted: Slammed into ceiling. 39203_ Slug penetrates Sealed Heavy Doors. Superquantum Companion releases a shadow of itself that zips off towards Striker. 39207_ Slug penetrates Sealed Heavy Doors. 39207_ Imp. Reaction Control System destroyed. 39207_ Slug penetrates Sealed Heavy Doors. 39207_ Main Access Shell breached. 39207_ EXIT=FOUND Map ----- +----------------------------------------------------+ | ???????????????????????????# #?????? ##??? | | ###?????????????????????????????# #?????? #### | | #?????????????????????????????# "?????? | | #?????????????????????????????# #?????? | | #?????????????????????????????# #?????? | | ???????????????????????????????# #?????? | | ???????????????????????????????# ####### | | ????????????????????????????????# | | ????????????????????????????????# | | ????????????????????????????????# | | ????????????????????????#########"+####### | | ????????????????????????# #??# | | ????????????????????????# #??# | | ????????????????????????# #??# | | ????????????????????????# #??# | | ????????????????????????# #??# | | ????????????????????????# #??# | | ????????????????????????###############??# ### | | ?????????????????????????????????????????# #?? | | ????????????????????????????###??########" #?? | | ???????????????????????????? "??" " #?? | | ???????????????????????????? "??" BB # #?? | | ???????????????????????"""""" "??" BB # ##? | | ???????????????????????" " "??" #? | | ???????????????????????" "" " """" #? | | ???????????????????????" @" KK % +? | | ???????????????????????" " """" " | | ???????????????????????"""""" "??" BB ###### # | | ???????????????????????????? "??" BB #????? #? | | ??????????????????????????? "??" #??????#? | | ??????????????????????????#####??#########???????? | | ?????????????????????????????????????????????????? | | ?????????????????????????????????????????????????? | | ?????????????????????????????????????????????????? | | ?????????????????????????????????????????????????? | | ?????????????????????????????????????????????????? | | ?????????????????????????????????????????????????? | | ?????????????????????????????????????????????????? | | ?????????????????????????????????????????????????? | | ?????????????????????????????????????????????????? | | ?????????????????????????????????????????????????? | | ?????????????????????????????????????????????????? | | ?????????????????????????????????????????????????? | | ?????????????????????????????????????????????????? | | ?????????????????????????????????????????????????? | | ?????????????????????????????????????????????????? | | ?????????????????????????????????????????????????? | | ?????????????????????????????????????????????????? | | ?????????????????????????????????????????????????? | | ?????????????????????????????????????????????????? | +----------------------------------------------------+ Best States ------------- Heat Dissipation 72 Coolant Potential 50 Energy Generation 69 Energy Capacity 1180 Matter Stores 800 Matter Capacity 1200 Sight Range 23 Robot Scan Range 18 Terrain Scan Range 16 Terrain Scan Density 10 Jamming Range 16 Armor Coverage 1200 Resistance: TH 30 Resistance: EM 50 Core Shielding 90 Point Defense Rating 480 Melee Speed Boost 20 Evasion (%) 75 Targeting Accuracy 12 Melee Accuracy 8 Core Analysis 8 Recoil Reduction 6 Kinecelleration 50 Offensive Hacking 14 Defensive Hacking 16 Trap Extractor Capacity 8 Item Schematics ----------------- Huge Storage Unit | -10/Materials | Hacked Hcp. Storage Unit | -10/Materials | Hacked Adv. Hacking Suite | -7/Recycling | Hacked Core Analyzer | -5/Factory | Scanalyzed HERF Cannon | -5/Factory | Hacked Centrium Medium Armor Plating | -4/Factory | Scanalyzed Adv. Matter Compressor | -4/Factory | Scanalyzed Mak. Hacking Suite | -4/Factory | Extrapolated Energy Deflector | -4/Factory | Extrapolated Deep Structural Scanner | -4/Factory | Extrapolated Mak. System Shield | -4/Factory | Extrapolated Mak. System Restoration Module | -4/Factory | Extrapolated Cld. Gravmag System | -4/Factory | Scanalyzed Mak. Targeting Computer | -4/Factory | Extrapolated Mak. Coolant Network | -4/Factory | Extrapolated Mak. Transmission Jammer | -4/Factory | Extrapolated Mak. Heavy Armor Plating | -4/Factory | Extrapolated Mak. Medium Armor Plating | -4/Factory | Extrapolated Mak. Light Armor Plating | -4/Factory | Extrapolated Mak. Ablative Armor | -4/Factory | Extrapolated Mak. Power Source | -4/Factory | Extrapolated Machine Rigger | -4/Factory | Extrapolated Beamcaster | -4/Factory | Extrapolated Multitool | -4/Factory | Extrapolated Wartreads | -4/Factory | Extrapolated Mak. Thermal Plating | -4/Upper Caves | Extrapolated Hvy. Beamcaster | -4/Upper Caves | Extrapolated Assault Drone Bay | -4/Zhirov | Free Exp. Heat Sink | -4/Zhirov | Free Exp. Optical Array | -4/Zhirov | Free Imp. Arc Thrower | -4/Zhirov | Free Mak. Propulsion Shielding | -4/Zhirov | Extrapolated Plasma Flamer | -4/Zhirov | Extrapolated Telecube | -3/Research | Extrapolated Mak. Kinetic Plating | -3/Research | Extrapolated Mak. Salvage Targeting Computer | -3/Research | Extrapolated 0b10 Decoder Chip [Generic] | -3/Research | Extrapolated 0b10 Decoder Chip [Scout] | -3/Research | Extrapolated 0b10 Decoder Chip [Skirmisher] | -3/Research | Extrapolated Hvy. Regenerative Plating | -3/Testing | Hacked Ripper | -3/Testing | Extrapolated Enh. Coil Gun | -3/Testing | Archive Hvy. Neutron Cannon | -3/Testing | Archive Hds. Centrium Wheel | -3/Testing | Archive Adv. Thermal Defense Suite | -3/Testing | Archive Tactical Coordination Suite | -3/Testing | Extrapolated Exp. Myomer Leg | -3/Testing | Archive Com. Particle Reactor | -3/Testing | Archive Lgt. Antimatter Cannon | -3/Testing | Archive Lrn. Phase Cannon | -3/Testing | Archive Shock Maul | -3/Testing | Archive Multireflex Exoskeleton | -2/Research | Extrapolated Mak. ECM Suite | -2/Research | Extrapolated Imp. Diametric Drive | -2/Quarantine | Archive Hvy. Tesla Rifle | -2/Quarantine | Archive System Purifier | -2/Quarantine | Archive Hds. Centrium Heavy Treads | -2/Quarantine | Archive Stealth Drone Bay | -2/Quarantine | Archive Enh. Biometal Leg | -2/Quarantine | Archive Robot Schematics ------------------ A-27 Freighter | -3/Testing | Archive A-15 Conveyor | -3/Testing | Archive R-10 Processor | -2/Quarantine | Archive S-43 Plague | -2/Quarantine | Archive K-01 Serf | -2/Quarantine | Archive T-07 Excavator | -2/Quarantine | Archive B-74 Champion | -2/Quarantine | Archive W-44 Eye | -2/Quarantine | Archive Fabricated ------------ Huge Storage Unit | x1 | -4/Factory Hcp. Storage Unit | x1 | -4/Factory Tactical Coordination Suite | x1 | -3/Testing Repaired ---------- Centrium Heavy Treads | 13% | -3/Research Studied --------- Arm. Huge Wheel | -5/Factory | Hacked Com. Wheel | -5/Factory | Hacked Centrium Wheel | -4/Factory | Hacked Enh. Nova Cannon | -2/Protoforge | Hacked Alien Tech Used ----------------- Integrated Dissipator Dimensional Node Initializer Phase Redirector Terrabomb Transdimensional Reconstructor Subatomic Replicator Achievements -------------- Overclocked We Are The Borg Challenges ------------ None Game ------ Seed MasterTechLattice Manual? 0 Play Time 07:29:50 Cumulative 1066.2 hours Start 2026.02.20 @ 17:30:28 End 2026.02.21 @ 01:42:54 Sessions 5 Manual Loads 0 Difficulty Rogue Special Mode None Game No. 193 Rogue 193 Adventurer 0 Explorer 0 Win Type 0 Total 63 Types 25/7/10/1/3/1/8/4/2/2 Lore% 93 Gallery% 90 Achievement% 79 Wizard Run 0 Options --------- Layout 0 ASCII 0 Keyboard 0 Movement Numpad Keybinds 0 Fullscreen 1 Font 18/SmallcapsGlow Map View 76x50 Zoom Use 0% Tactical HUD 1 Map Filters NONE Filters NONE Steam 1 RUN: 6241e418-348f-4fc6-8982-3022be64b11a